Workbook

Sheet Entrate_Uscite
B1: 2016 | E1: 2017 | H1: 2018 | K1: 2019 | N1: 2020 | Q1: 2021 | T1: 2022 | W1: 2023 | Z1: Var. %
B2: Acc | C2: Risc | D2: %Risc | E2: Acc | F2: Risc | G2: %Risc | H2: Acc | I2: Risc | J2: %Risc | K2: Acc | L2: Risc | M2: %Risc | N2: Acc | O2: Risc | P2: %Risc | Q2: Acc | R2: Risc | S2: %Risc | T2: Acc | U2: Risc | V2: %Risc | W2: Acc | X2: Risc | Y2: %Risc | Z2: Acc | AA2: Risc
A3: 100 Entrate correnti di natura tributaria, contributiva e perequativa | B3: 1.3731079e+09 | C3: 1.3025716e+09 | D3: =IF(B3>0,C3/B3*100,"-") -> 94.863022 | E3: 1.3725261e+09 | F3: 1.2241975e+09 | G3: =IF(E3>0,F3/E3*100,"-") -> 89.193019 | H3: 1.2967768e+09 | I3: 1.1320463e+09 | J3: =IF(H3>0,I3/H3*100,"-") -> 87.296927 | K3: 1.3896526e+09 | L3: 1.1143735e+09 | M3: =IF(K3>0,L3/K3*100,"-") -> 80.190797 | N3: 1.4522204e+09 | O3: 1.1638151e+09 | P3: =IF(N3>0,O3/N3*100,"-") -> 80.140396 | Q3: 1.4152144e+09 | R3: 1.252539e+09 | S3: =IF(Q3>0,R3/Q3*100,"-") -> 88.505245 | T3: 1.5148567e+09 | U3: 1.4460019e+09 | V3: =IF(T3>0,U3/T3*100,"-") -> 95.454694 | W3: 1.5711039e+09 | X3: 1.4417874e+09 | Y3: =IF(W3>0,X3/W3*100,"-") -> 91.769068 | Z3: =IF(T3>0,W3/T3*100-100,"-") -> 3.7130387 | AA3: =IF(U3>0,X3/U3*100-100,"-") -> -0.29145294
A4: 200 Trasferimenti correnti | B4: 1.4591617e+08 | C4: 1.1935554e+08 | D4: =IF(B4>0,C4/B4*100,"-") -> 81.797339 | E4: 1.5002876e+08 | F4: 1.109983e+08 | G4: =IF(E4>0,F4/E4*100,"-") -> 73.984681 | H4: 2.2430327e+08 | I4: 1.2955007e+08 | J4: =IF(H4>0,I4/H4*100,"-") -> 57.756658 | K4: 1.9515621e+08 | L4: 1.4441878e+08 | M4: =IF(K4>0,L4/K4*100,"-") -> 74.001635 | N4: 2.6551412e+08 | O4: 2.0659089e+08 | P4: =IF(N4>0,O4/N4*100,"-") -> 77.807873 | Q4: 2.6105265e+08 | R4: 1.8679995e+08 | S4: =IF(Q4>0,R4/Q4*100,"-") -> 71.556426 | T4: 3.9963932e+08 | U4: 3.1790694e+08 | V4: =IF(T4>0,U4/T4*100,"-") -> 79.548464 | W4: 4.4531493e+08 | X4: 3.3574325e+08 | Y4: =IF(W4>0,X4/W4*100,"-") -> 75.394563 | Z4: =IF(T4>0,W4/T4*100-100,"-") -> 11.429208 | AA4: =IF(U4>0,X4/U4*100-100,"-") -> 5.6105433
A5: 300 Entrate extratributarie | B5: 41646915 | C5: 28224458 | D5: =IF(B5>0,C5/B5*100,"-") -> 67.770824 | E5: 40291301 | F5: 25667623 | G5: =IF(E5>0,F5/E5*100,"-") -> 63.705122 | H5: 54107355 | I5: 49619286 | J5: =IF(H5>0,I5/H5*100,"-") -> 91.705252 | K5: 52298911 | L5: 22915861 | M5: =IF(K5>0,L5/K5*100,"-") -> 43.817091 | N5: 37134735 | O5: 24267286 | P5: =IF(N5>0,O5/N5*100,"-") -> 65.349291 | Q5: 29571492 | R5: 10493600 | S5: =IF(Q5>0,R5/Q5*100,"-") -> 35.485527 | T5: 27870926 | U5: 9202457.2 | V5: =IF(T5>0,U5/T5*100,"-") -> 33.018124 | W5: 40014700 | X5: 15345927 | Y5: =IF(W5>0,X5/W5*100,"-") -> 38.350724 | Z5: =IF(T5>0,W5/T5*100-100,"-") -> 43.571475 | AA5: =IF(U5>0,X5/U5*100-100,"-") -> 66.759017
A6: 401 Tributi in conto capitale | B6: 0 | C6: 0 | D6: =IF(B6>0,C6/B6*100,"-") -> - | E6: 0 | F6: 0 | G6: =IF(E6>0,F6/E6*100,"-") -> - | H6: 0 | I6: 0 | J6: =IF(H6>0,I6/H6*100,"-") -> - | K6: 0 | L6: 0 | M6: =IF(K6>0,L6/K6*100,"-") -> - | N6: 0 | O6: 0 | P6: =IF(N6>0,O6/N6*100,"-") -> - | Q6: 0 | R6: 0 | S6: =IF(Q6>0,R6/Q6*100,"-") -> - | T6: 0 | U6: 0 | V6: =IF(T6>0,U6/T6*100,"-") -> - | W6: 0 | X6: 0 | Y6: =IF(W6>0,X6/W6*100,"-") -> - | Z6: =IF(T6>0,W6/T6*100-100,"-") -> - | AA6: =IF(U6>0,X6/U6*100-100,"-") -> -
A7: 402 Contributi agli investimenti | B7: 1.8148214e+08 | C7: 81800351 | D7: =IF(B7>0,C7/B7*100,"-") -> 45.0735 | E7: 2.4252684e+08 | F7: 43704434 | G7: =IF(E7>0,F7/E7*100,"-") -> 18.020453 | H7: 4.1212007e+08 | I7: 9986125.9 | J7: =IF(H7>0,I7/H7*100,"-") -> 2.4231108 | K7: 3.3135257e+08 | L7: 60157022 | M7: =IF(K7>0,L7/K7*100,"-") -> 18.154989 | N7: 2.4714083e+08 | O7: 63115565 | P7: =IF(N7>0,O7/N7*100,"-") -> 25.538299 | Q7: 218629583 | R7: 37091822 | S7: =IF(Q7>0,R7/Q7*100,"-") -> 16.965601 | T7: 2.7812585e+08 | U7: 20902993 | V7: =IF(T7>0,U7/T7*100,"-") -> 7.5156599 | W7: 2.7643509e+08 | X7: 38102861 | Y7: =IF(W7>0,X7/W7*100,"-") -> 13.783656 | Z7: =IF(T7>0,W7/T7*100-100,"-") -> -0.60791162 | AA7: =IF(U7>0,X7/U7*100-100,"-") -> 82.284238
A8: 403 Altri trasferimenti in conto capitale | B8: 50232930 | C8: 38088046 | D8: =IF(B8>0,C8/B8*100,"-") -> 75.822863 | E8: 73673344 | F8: 42902622 | G8: =IF(E8>0,F8/E8*100,"-") -> 58.233574 | H8: 78157043 | I8: 57456170 | J8: =IF(H8>0,I8/H8*100,"-") -> 73.513746 | K8: 61156313 | L8: 42921282 | M8: =IF(K8>0,L8/K8*100,"-") -> 70.182913 | N8: 43431530 | O8: 28788618 | P8: =IF(N8>0,O8/N8*100,"-") -> 66.285065 | Q8: 70956779 | R8: 64396861 | S8: =IF(Q8>0,R8/Q8*100,"-") -> 90.755051 | T8: 49396483 | U8: 27902602 | V8: =IF(T8>0,U8/T8*100,"-") -> 56.487022 | W8: 46431811 | X8: 35779775 | Y8: =IF(W8>0,X8/W8*100,"-") -> 77.058754 | Z8: =IF(T8>0,W8/T8*100-100,"-") -> -6.001787 | AA8: =IF(U8>0,X8/U8*100-100,"-") -> 28.230961
A9: 404 Entrate da alienazione di beni materiali e immateriali | B9: 508519.56 | C9: 507414.07 | D9: =IF(B9>0,C9/B9*100,"-") -> 99.782606 | E9: 580234.74 | F9: 579129.25 | G9: =IF(E9>0,F9/E9*100,"-") -> 99.809475 | H9: 710491.89 | I9: 710491.89 | J9: =IF(H9>0,I9/H9*100,"-") -> 100 | K9: 236376 | L9: 234627.5 | M9: =IF(K9>0,L9/K9*100,"-") -> 99.260289 | N9: 137830.87 | O9: 136725.38 | P9: =IF(N9>0,O9/N9*100,"-") -> 99.197937 | Q9: 91392.65 | R9: 91392.65 | S9: =IF(Q9>0,R9/Q9*100,"-") -> 100 | T9: 286649.36 | U9: 286649.36 | V9: =IF(T9>0,U9/T9*100,"-") -> 100 | W9: 59227.9 | X9: 59227.9 | Y9: =IF(W9>0,X9/W9*100,"-") -> 100 | Z9: =IF(T9>0,W9/T9*100-100,"-") -> -79.337857 | AA9: =IF(U9>0,X9/U9*100-100,"-") -> -79.337857
A10: 405 Altre entrate in conto capitale | B10: 654822.47 | C10: 654822.47 | D10: =IF(B10>0,C10/B10*100,"-") -> 100 | E10: 270697.95 | F10: 270697.95 | G10: =IF(E10>0,F10/E10*100,"-") -> 100 | H10: 1149.45 | I10: 1149.45 | J10: =IF(H10>0,I10/H10*100,"-") -> 100 | K10: 0 | L10: 0 | M10: =IF(K10>0,L10/K10*100,"-") -> - | N10: 0 | O10: 0 | P10: =IF(N10>0,O10/N10*100,"-") -> - | Q10: 0 | R10: 0 | S10: =IF(Q10>0,R10/Q10*100,"-") -> - | T10: 0 | U10: 0 | V10: =IF(T10>0,U10/T10*100,"-") -> - | W10: 0 | X10: 0 | Y10: =IF(W10>0,X10/W10*100,"-") -> - | Z10: =IF(T10>0,W10/T10*100-100,"-") -> - | AA10: =IF(U10>0,X10/U10*100-100,"-") -> -
A11: 501 Alienazione di attività finanziarie | B11: 0 | C11: 0 | D11: =IF(B11>0,C11/B11*100,"-") -> - | E11: 0 | F11: 0 | G11: =IF(E11>0,F11/E11*100,"-") -> - | H11: 0 | I11: 0 | J11: =IF(H11>0,I11/H11*100,"-") -> - | K11: 0 | L11: 0 | M11: =IF(K11>0,L11/K11*100,"-") -> - | N11: 0 | O11: 0 | P11: =IF(N11>0,O11/N11*100,"-") -> - | Q11: 0 | R11: 0 | S11: =IF(Q11>0,R11/Q11*100,"-") -> - | T11: 0 | U11: 0 | V11: =IF(T11>0,U11/T11*100,"-") -> - | W11: 0 | X11: 0 | Y11: =IF(W11>0,X11/W11*100,"-") -> - | Z11: =IF(T11>0,W11/T11*100-100,"-") -> - | AA11: =IF(U11>0,X11/U11*100-100,"-") -> -
A12: 502_3 Riscossione di crediti | B12: 0 | C12: 0 | D12: =IF(B12>0,C12/B12*100,"-") -> - | E12: 0 | F12: 0 | G12: =IF(E12>0,F12/E12*100,"-") -> - | H12: 0 | I12: 0 | J12: =IF(H12>0,I12/H12*100,"-") -> - | K12: 0 | L12: 0 | M12: =IF(K12>0,L12/K12*100,"-") -> - | N12: 0 | O12: 0 | P12: =IF(N12>0,O12/N12*100,"-") -> - | Q12: 0 | R12: 0 | S12: =IF(Q12>0,R12/Q12*100,"-") -> - | T12: 0 | U12: 0 | V12: =IF(T12>0,U12/T12*100,"-") -> - | W12: 0 | X12: 0 | Y12: =IF(W12>0,X12/W12*100,"-") -> - | Z12: =IF(T12>0,W12/T12*100-100,"-") -> - | AA12: =IF(U12>0,X12/U12*100-100,"-") -> -
A13: 504 Altre entrate per riduzione di attività finanziarie | B13: 37699095 | C13: 0 | D13: =IF(B13>0,C13/B13*100,"-") -> 0 | E13: 18854037 | F13: 0 | G13: =IF(E13>0,F13/E13*100,"-") -> 0 | H13: 30249929 | I13: 19377065 | J13: =IF(H13>0,I13/H13*100,"-") -> 64.056563 | K13: 1.9331286e+08 | L13: 99127136 | M13: =IF(K13>0,L13/K13*100,"-") -> 51.278087 | N13: 1.7889151e+08 | O13: 14184086 | P13: =IF(N13>0,O13/N13*100,"-") -> 7.9288757 | Q13: 76874076 | R13: 0 | S13: =IF(Q13>0,R13/Q13*100,"-") -> 0 | T13: 34525947 | U13: 0 | V13: =IF(T13>0,U13/T13*100,"-") -> 0 | W13: 33566708 | X13: 50 | Y13: =IF(W13>0,X13/W13*100,"-") -> 0.00014895711 | Z13: =IF(T13>0,W13/T13*100-100,"-") -> -2.7783136 | AA13: =IF(U13>0,X13/U13*100-100,"-") -> -
A14: - Entrate correnti | B14: =SUM(B3:B5) -> 1.560671e+09 | C14: =SUM(C3:C5) -> 1.4501516e+09 | D14: =IF(B14>0,C14/B14*100,"-") -> 92.918473 | E14: =SUM(E3:E5) -> 1.5628462e+09 | F14: =SUM(F3:F5) -> 1.3608634e+09 | G14: =IF(E14>0,F14/E14*100,"-") -> 87.075965 | H14: =SUM(H3:H5) -> 1.5751874e+09 | I14: =SUM(I3:I5) -> 1.3112156e+09 | J14: =IF(H14>0,I14/H14*100,"-") -> 83.241882 | K14: =SUM(K3:K5) -> 1.6371078e+09 | L14: =SUM(L3:L5) -> 1.2817082e+09 | M14: =IF(K14>0,L14/K14*100,"-") -> 78.291008 | N14: =SUM(N3:N5) -> 1.7548692e+09 | O14: =SUM(O3:O5) -> 1.3946733e+09 | P14: =IF(N14>0,O14/N14*100,"-") -> 79.474488 | Q14: =SUM(Q3:Q5) -> 1.7058386e+09 | R14: =SUM(R3:R5) -> 1.4498325e+09 | S14: =IF(Q14>0,R14/Q14*100,"-") -> 84.992365 | T14: =SUM(T3:T5) -> 1.942367e+09 | U14: =SUM(U3:U5) -> 1.7731113e+09 | V14: =IF(T14>0,U14/T14*100,"-") -> 91.28611 | W14: =SUM(W3:W5) -> 2.0564336e+09 | X14: =SUM(X3:X5) -> 1.7928766e+09 | Y14: =IF(W14>0,X14/W14*100,"-") -> 87.183785 | Z14: =IF(T14>0,W14/T14*100-100,"-") -> 5.8725566 | AA14: =IF(U14>0,X14/U14*100-100,"-") -> 1.1147277
A15: - Entrate in conto capitale | B15: =SUM(B6:B10) -> 2.3287841e+08 | C15: =SUM(C6:C10) -> 1.2105063e+08 | D15: =IF(B15>0,C15/B15*100,"-") -> 51.980187 | E15: =SUM(E6:E10) -> 3.1705112e+08 | F15: =SUM(F6:F10) -> 87456883 | G15: =IF(E15>0,F15/E15*100,"-") -> 27.584474 | H15: =SUM(H6:H10) -> 4.9098876e+08 | I15: =SUM(I6:I10) -> 68153937 | J15: =IF(H15>0,I15/H15*100,"-") -> 13.880957 | K15: =SUM(K6:K10) -> 3.9274526e+08 | L15: =SUM(L6:L10) -> 1.0331293e+08 | M15: =IF(K15>0,L15/K15*100,"-") -> 26.305329 | N15: =SUM(N6:N10) -> 2.9071019e+08 | O15: =SUM(O6:O10) -> 92040908 | P15: =IF(N15>0,O15/N15*100,"-") -> 31.660709 | Q15: =SUM(Q6:Q10) -> 2.8967775e+08 | R15: =SUM(R6:R10) -> 1.0158008e+08 | S15: =IF(Q15>0,R15/Q15*100,"-") -> 35.066578 | T15: =SUM(T6:T10) -> 3.2780898e+08 | U15: =SUM(U6:U10) -> 49092244 | V15: =IF(T15>0,U15/T15*100,"-") -> 14.975869 | W15: =SUM(W6:W10) -> 3.2292613e+08 | X15: =SUM(X6:X10) -> 73941864 | Y15: =IF(W15>0,X15/W15*100,"-") -> 22.897455 | Z15: =IF(T15>0,W15/T15*100-100,"-") -> -1.489542 | AA15: =IF(U15>0,X15/U15*100-100,"-") -> 50.618219
A16: - Entrate da riduzione attività finanziarie | B16: =SUM(B11:B13) -> 37699095 | C16: =SUM(C11:C13) -> 0 | D16: =IF(B16>0,C16/B16*100,"-") -> 0 | E16: =SUM(E11:E13) -> 18854037 | F16: =SUM(F11:F13) -> 0 | G16: =IF(E16>0,F16/E16*100,"-") -> 0 | H16: =SUM(H11:H13) -> 30249929 | I16: =SUM(I11:I13) -> 19377065 | J16: =IF(H16>0,I16/H16*100,"-") -> 64.056563 | K16: =SUM(K11:K13) -> 1.9331286e+08 | L16: =SUM(L11:L13) -> 99127136 | M16: =IF(K16>0,L16/K16*100,"-") -> 51.278087 | N16: =SUM(N11:N13) -> 1.7889151e+08 | O16: =SUM(O11:O13) -> 14184086 | P16: =IF(N16>0,O16/N16*100,"-") -> 7.9288757 | Q16: =SUM(Q11:Q13) -> 76874076 | R16: =SUM(R11:R13) -> 0 | S16: =IF(Q16>0,R16/Q16*100,"-") -> 0 | T16: =SUM(T11:T13) -> 34525947 | U16: =SUM(U11:U13) -> 0 | V16: =IF(T16>0,U16/T16*100,"-") -> 0 | W16: =SUM(W11:W13) -> 33566708 | X16: =SUM(X11:X13) -> 50 | Y16: =IF(W16>0,X16/W16*100,"-") -> 0.00014895711 | Z16: =IF(T16>0,W16/T16*100-100,"-") -> -2.7783136 | AA16: =IF(U16>0,X16/U16*100-100,"-") -> -
A17: - Accensione di prestiti | B17: 0 | C17: 0 | D17: =IF(B17>0,C17/B17*100,"-") -> - | E17: 34416029 | F17: 10488083 | G17: =IF(E17>0,F17/E17*100,"-") -> 30.474415 | H17: 16816369 | I17: 0 | J17: =IF(H17>0,I17/H17*100,"-") -> 0 | K17: 0 | L17: 0 | M17: =IF(K17>0,L17/K17*100,"-") -> - | N17: 0 | O17: 0 | P17: =IF(N17>0,O17/N17*100,"-") -> - | Q17: 0 | R17: 0 | S17: =IF(Q17>0,R17/Q17*100,"-") -> - | T17: 0 | U17: 0 | V17: =IF(T17>0,U17/T17*100,"-") -> - | W17: 0 | X17: 0 | Y17: =IF(W17>0,X17/W17*100,"-") -> - | Z17: =IF(T17>0,W17/T17*100-100,"-") -> - | AA17: =IF(U17>0,X17/U17*100-100,"-") -> -
A18: - Anticipazioni da istituto tesoriere/cassiere | B18: 0 | C18: 0 | D18: =IF(B18>0,C18/B18*100,"-") -> - | E18: 0 | F18: 0 | G18: =IF(E18>0,F18/E18*100,"-") -> - | H18: 0 | I18: 0 | J18: =IF(H18>0,I18/H18*100,"-") -> - | K18: 0 | L18: 0 | M18: =IF(K18>0,L18/K18*100,"-") -> - | N18: 0 | O18: 0 | P18: =IF(N18>0,O18/N18*100,"-") -> - | Q18: 0 | R18: 0 | S18: =IF(Q18>0,R18/Q18*100,"-") -> - | T18: 0 | U18: 0 | V18: =IF(T18>0,U18/T18*100,"-") -> - | W18: 0 | X18: 0 | Y18: =IF(W18>0,X18/W18*100,"-") -> - | Z18: =IF(T18>0,W18/T18*100-100,"-") -> - | AA18: =IF(U18>0,X18/U18*100-100,"-") -> -
A19: - Entrate per conto terzi e partite di giro | B19: 2.6858056e+08 | C19: 2.3635541e+08 | D19: =IF(B19>0,C19/B19*100,"-") -> 88.001683 | E19: 1.835963e+08 | F19: 1.7680776e+08 | G19: =IF(E19>0,F19/E19*100,"-") -> 96.302462 | H19: 1.6224292e+08 | I19: 1.5211888e+08 | J19: =IF(H19>0,I19/H19*100,"-") -> 93.759953 | K19: 2.3152848e+08 | L19: 2.2553979e+08 | M19: =IF(K19>0,L19/K19*100,"-") -> 97.413411 | N19: 2.2254321e+08 | O19: 2.1913331e+08 | P19: =IF(N19>0,O19/N19*100,"-") -> 98.467758 | Q19: 1.4714554e+08 | R19: 1.4710442e+08 | S19: =IF(Q19>0,R19/Q19*100,"-") -> 99.972049 | T19: 1.3345756e+08 | U19: 1.3342634e+08 | V19: =IF(T19>0,U19/T19*100,"-") -> 99.976612 | W19: 1.704603e+08 | X19: 1.6933486e+08 | Y19: =IF(W19>0,X19/W19*100,"-") -> 99.339764 | Z19: =IF(T19>0,W19/T19*100-100,"-") -> 27.726225 | AA19: =IF(U19>0,X19/U19*100-100,"-") -> 26.912613
A20: Totale Entrate | B20: =B14+B15+B16+B17+B18+B19 -> 2.099829e+09 | C20: =C14+C15+C16+C17+C18+C19 -> 1.8075577e+09 | D20: =IF(B20>0,C20/B20*100,"-") -> 86.081183 | E20: =E14+E15+E16+E17+E18+E19 -> 2.1167636e+09 | F20: =F14+F15+F16+F17+F18+F19 -> 1.6356161e+09 | G20: =IF(E20>0,F20/E20*100,"-") -> 77.269662 | H20: =H14+H15+H16+H17+H18+H19 -> 2.2754854e+09 | I20: =I14+I15+I16+I17+I18+I19 -> 1.5508655e+09 | J20: =IF(H20>0,I20/H20*100,"-") -> 68.155372 | K20: =K14+K15+K16+K17+K18+K19 -> 2.4546944e+09 | L20: =L14+L15+L16+L17+L18+L19 -> 1.709688e+09 | M20: =IF(K20>0,L20/K20*100,"-") -> 69.649732 | N20: =N14+N15+N16+N17+N18+N19 -> 2.4470141e+09 | O20: =O14+O15+O16+O17+O18+O19 -> 1.7200316e+09 | P20: =IF(N20>0,O20/N20*100,"-") -> 70.291038 | Q20: =Q14+Q15+Q16+Q17+Q18+Q19 -> 2.2195359e+09 | R20: =R14+R15+R16+R17+R18+R19 -> 1.698517e+09 | S20: =IF(Q20>0,R20/Q20*100,"-") -> 76.525773 | T20: =T14+T15+T16+T17+T18+T19 -> 2.4381595e+09 | U20: =U14+U15+U16+U17+U18+U19 -> 1.9556298e+09 | V20: =IF(T20>0,U20/T20*100,"-") -> 80.209268 | W20: =W14+W15+W16+W17+W18+W19 -> 2.5833867e+09 | X20: =X14+X15+X16+X17+X18+X19 -> 2.0361534e+09 | Y20: =IF(W20>0,X20/W20*100,"-") -> 78.817213 | Z20: =IF(T20>0,W20/T20*100-100,"-") -> 5.9564296 | AA20: =IF(U20>0,X20/U20*100-100,"-") -> 4.117525
A21: Entrate nette | B21: =B20-B19 -> 1.8312485e+09 | C21: =C20-C19 -> 1.5712023e+09 | D21: =IF(B21>0,C21/B21*100,"-") -> 85.799513 | E21: =E20-E19 -> 1.9331673e+09 | F21: =F20-F19 -> 1.4588083e+09 | G21: =IF(E21>0,F21/E21*100,"-") -> 75.462083 | H21: =H20-H19 -> 2.1132425e+09 | I21: =I20-I19 -> 1.3987467e+09 | J21: =IF(H21>0,I21/H21*100,"-") -> 66.189596 | K21: =K20-K19 -> 2.2231659e+09 | L21: =L20-L19 -> 1.4841482e+09 | M21: =IF(K21>0,L21/K21*100,"-") -> 66.758322 | N21: =N20-N19 -> 2.2244709e+09 | O21: =O20-O19 -> 1.5008983e+09 | P21: =IF(N21>0,O21/N21*100,"-") -> 67.472148 | Q21: =Q20-Q19 -> 2.0723904e+09 | R21: =R20-R19 -> 1.5514126e+09 | S21: =IF(Q21>0,R21/Q21*100,"-") -> 74.861021 | T21: =T20-T19 -> 2.3047019e+09 | U21: =U20-U19 -> 1.8222035e+09 | V21: =IF(T21>0,U21/T21*100,"-") -> 79.064607 | W21: =W20-W19 -> 2.4129264e+09 | X21: =X20-X19 -> 1.8668185e+09 | Y21: =IF(W21>0,X21/W21*100,"-") -> 77.367404 | Z21: =IF(T21>0,W21/T21*100-100,"-") -> 4.6958137 | AA21: =IF(U21>0,X21/U21*100-100,"-") -> 2.448411
B22: Imp | C22: Pag | E22: Imp | F22: Pag | H22: Imp | I22: Pag | K22: Imp | L22: Pag | N22: Imp | O22: Pag | Q22: Imp | R22: Pag | T22: Imp | U22: Pag | W22: Imp | X22: Pag
A23: 101 REDDITI DA LAVORO DIPENDENTE | B23: 59880139 | C23: 54264252 | D23: =IF(B23>0,C23/B23*100,"-") -> 90.621453 | E23: 59676308 | F23: 57090574 | G23: =IF(E23>0,F23/E23*100,"-") -> 95.667067 | H23: 66884562 | I23: 66771815 | J23: =IF(H23>0,I23/H23*100,"-") -> 99.831431 | K23: 69944914 | L23: 66291179 | M23: =IF(K23>0,L23/K23*100,"-") -> 94.776268 | N23: 59827641 | O23: 58606420 | P23: =IF(N23>0,O23/N23*100,"-") -> 97.958767 | Q23: 54158488 | R23: 51239299 | S23: =IF(Q23>0,R23/Q23*100,"-") -> 94.609914 | T23: 52109911 | U23: 50448972 | V23: =IF(T23>0,U23/T23*100,"-") -> 96.812622 | W23: 51017417 | X23: 50626822 | Y23: =IF(W23>0,X23/W23*100,"-") -> 99.234389 | Z23: =IF(T23>0,W23/T23*100-100,"-") -> -2.0965189 | AA23: =IF(U23>0,X23/U23*100-100,"-") -> 0.35253579
A24: 102 IMPOSTE E TASSE A CARICO DELL'ENTE | B24: 4613627 | C24: 4201220.3 | D24: =IF(B24>0,C24/B24*100,"-") -> 91.061116 | E24: 5070057.6 | F24: 4619640 | G24: =IF(E24>0,F24/E24*100,"-") -> 91.116124 | H24: 4691335.2 | I24: 4691335.2 | J24: =IF(H24>0,I24/H24*100,"-") -> 100 | K24: 5575455.6 | L24: 5575455.6 | M24: =IF(K24>0,L24/K24*100,"-") -> 100 | N24: 5068312 | O24: 5068312 | P24: =IF(N24>0,O24/N24*100,"-") -> 100 | Q24: 4335491.5 | R24: 4335491.5 | S24: =IF(Q24>0,R24/Q24*100,"-") -> 100 | T24: 4760908.2 | U24: 4744335.9 | V24: =IF(T24>0,U24/T24*100,"-") -> 99.651908 | W24: 5383142.3 | X24: 5361135.2 | Y24: =IF(W24>0,X24/W24*100,"-") -> 99.591185 | Z24: =IF(T24>0,W24/T24*100-100,"-") -> 13.069649 | AA24: =IF(U24>0,X24/U24*100-100,"-") -> 13.00075
A25: 103 ACQUISTO DI BENI E SERVIZI | B25: 71686425 | C25: 65833657 | D25: =IF(B25>0,C25/B25*100,"-") -> 91.835597 | E25: 85225046 | F25: 72704289 | G25: =IF(E25>0,F25/E25*100,"-") -> 85.308594 | H25: 97382478 | I25: 90382951 | J25: =IF(H25>0,I25/H25*100,"-") -> 92.812335 | K25: 1.1154938e+08 | L25: 98412409 | M25: =IF(K25>0,L25/K25*100,"-") -> 88.223178 | N25: 70905699 | O25: 62369084 | P25: =IF(N25>0,O25/N25*100,"-") -> 87.960607 | Q25: 88262410 | R25: 73883360 | S25: =IF(Q25>0,R25/Q25*100,"-") -> 83.70875 | T25: 1.1832386e+08 | U25: 92420235 | V25: =IF(T25>0,U25/T25*100,"-") -> 78.107859 | W25: 1.1458979e+08 | X25: 97817531 | Y25: =IF(W25>0,X25/W25*100,"-") -> 85.363214 | Z25: =IF(T25>0,W25/T25*100-100,"-") -> -3.1558022 | AA25: =IF(U25>0,X25/U25*100-100,"-") -> 5.8399504
A26: 104 TRASFERIMENTI CORRENTI | B26: 1.2505685e+09 | C26: 1.1762542e+09 | D26: =IF(B26>0,C26/B26*100,"-") -> 94.05756 | E26: 1.3106655e+09 | F26: 1.1800685e+09 | G26: =IF(E26>0,F26/E26*100,"-") -> 90.035824 | H26: 1.280618e+09 | I26: 1.2178626e+09 | J26: =IF(H26>0,I26/H26*100,"-") -> 95.099601 | K26: 1.3043501e+09 | L26: 1.2225499e+09 | M26: =IF(K26>0,L26/K26*100,"-") -> 93.728665 | N26: 1.4150516e+09 | O26: 1.3470876e+09 | P26: =IF(N26>0,O26/N26*100,"-") -> 95.197068 | Q26: 1.3918323e+09 | R26: 1314191340 | S26: =IF(Q26>0,R26/Q26*100,"-") -> 94.421675 | T26: 1.519386e+09 | U26: 1.399385e+09 | V26: =IF(T26>0,U26/T26*100,"-") -> 92.102004 | W26: 1.6517484e+09 | X26: 1.5576697e+09 | Y26: =IF(W26>0,X26/W26*100,"-") -> 94.304297 | Z26: =IF(T26>0,W26/T26*100-100,"-") -> 8.7115658 | AA26: =IF(U26>0,X26/U26*100-100,"-") -> 11.311018
A27: 105 TRASFERIMENTI DI TRIBUTI | B27: 0 | C27: 0 | E27: 0 | F27: 0 | H27: 0 | I27: 0 | K27: 0 | L27: 0 | N27: 0 | O27: 0 | Q27: 0 | R27: 0 | T27: 0 | U27: 0 | W27: 0 | X27: 0 | Z27: =IF(T27>0,W27/T27*100-100,"-") -> - | AA27: =IF(U27>0,X27/U27*100-100,"-") -> -
A28: 106 FONDI PEREQUATIVI | B28: 0 | C28: 0 | E28: 0 | F28: 0 | H28: 0 | I28: 0 | K28: 0 | L28: 0 | N28: 0 | O28: 0 | Q28: 0 | R28: 0 | T28: 0 | U28: 0 | W28: 0 | X28: 0 | Z28: =IF(T28>0,W28/T28*100-100,"-") -> - | AA28: =IF(U28>0,X28/U28*100-100,"-") -> -
A29: 107 INTERESSI PASSIVI | B29: 7260057.8 | C29: 7260057.8 | D29: =IF(B29>0,C29/B29*100,"-") -> 100 | E29: 6235613.7 | F29: 6235613.7 | G29: =IF(E29>0,F29/E29*100,"-") -> 100 | H29: 7320424.3 | I29: 7320424.3 | J29: =IF(H29>0,I29/H29*100,"-") -> 100 | K29: 5765523.7 | L29: 5765523.7 | M29: =IF(K29>0,L29/K29*100,"-") -> 100 | N29: 6225752.9 | O29: 6225752.9 | P29: =IF(N29>0,O29/N29*100,"-") -> 100 | Q29: 5996977 | R29: 5996977 | S29: =IF(Q29>0,R29/Q29*100,"-") -> 100 | T29: 6457027.2 | U29: 6457027.2 | V29: =IF(T29>0,U29/T29*100,"-") -> 100 | W29: 7413198.2 | X29: 7413198.2 | Y29: =IF(W29>0,X29/W29*100,"-") -> 100 | Z29: =IF(T29>0,W29/T29*100-100,"-") -> 14.808224 | AA29: =IF(U29>0,X29/U29*100-100,"-") -> 14.808224
A30: 108 ALTRE SPESE PER REDDITI DA CAPITALE | B30: 0 | C30: 0 | D30: =IF(B30>0,C30/B30*100,"-") -> - | E30: 0 | F30: 0 | G30: =IF(E30>0,F30/E30*100,"-") -> - | H30: 0 | I30: 0 | J30: =IF(H30>0,I30/H30*100,"-") -> - | K30: 0 | L30: 0 | M30: =IF(K30>0,L30/K30*100,"-") -> - | N30: 0 | O30: 0 | P30: =IF(N30>0,O30/N30*100,"-") -> - | Q30: 0 | R30: 0 | S30: =IF(Q30>0,R30/Q30*100,"-") -> - | T30: 0 | U30: 0 | V30: =IF(T30>0,U30/T30*100,"-") -> - | W30: 0 | X30: 0 | Y30: =IF(W30>0,X30/W30*100,"-") -> - | Z30: =IF(T30>0,W30/T30*100-100,"-") -> - | AA30: =IF(U30>0,X30/U30*100-100,"-") -> -
A31: 109 RIMBORSI E POSTE CORRETTIVE DELLE ENTRATE | B31: 693609.14 | C31: 672809.14 | D31: =IF(B31>0,C31/B31*100,"-") -> 97.001193 | E31: 980208.32 | F31: 936729.18 | G31: =IF(E31>0,F31/E31*100,"-") -> 95.564296 | H31: 942554.58 | I31: 743592.33 | J31: =IF(H31>0,I31/H31*100,"-") -> 78.891169 | K31: 655190.39 | L31: 643150.54 | M31: =IF(K31>0,L31/K31*100,"-") -> 98.162389 | N31: 493423.08 | O31: 453449.35 | P31: =IF(N31>0,O31/N31*100,"-") -> 91.898691 | Q31: 533564.43 | R31: 518240.43 | S31: =IF(Q31>0,R31/Q31*100,"-") -> 97.127994 | T31: 467639.75 | U31: 467639.75 | V31: =IF(T31>0,U31/T31*100,"-") -> 100 | W31: 10482062 | X31: 10482062 | Y31: =IF(W31>0,X31/W31*100,"-") -> 100 | Z31: =IF(T31>0,W31/T31*100-100,"-") -> 2141.4824 | AA31: =IF(U31>0,X31/U31*100-100,"-") -> 2141.4824
A32: 110 ALTRE SPESE CORRENTI | B32: 1160371.6 | C32: 1160154.3 | D32: =IF(B32>0,C32/B32*100,"-") -> 99.981269 | E32: 854691.95 | F32: 825624.7 | G32: =IF(E32>0,F32/E32*100,"-") -> 96.599096 | H32: 708127.79 | I32: 699788.41 | J32: =IF(H32>0,I32/H32*100,"-") -> 98.822334 | K32: 2979154.5 | L32: 2901799.8 | M32: =IF(K32>0,L32/K32*100,"-") -> 97.403467 | N32: 29372492 | O32: 29368039 | P32: =IF(N32>0,O32/N32*100,"-") -> 99.98484 | Q32: 7363288.1 | R32: 7287437.8 | S32: =IF(Q32>0,R32/Q32*100,"-") -> 98.969886 | T32: 7587301.2 | U32: 1448396.5 | V32: =IF(T32>0,U32/T32*100,"-") -> 19.089746 | W32: 25439021 | X32: 17960576 | Y32: =IF(W32>0,X32/W32*100,"-") -> 70.602464 | Z32: =IF(T32>0,W32/T32*100-100,"-") -> 235.28419 | AA32: =IF(U32>0,X32/U32*100-100,"-") -> 1140.0317
A33: 201 TRIBUTI IN CONTO CAPITALE A CARICO DELL?ENTE | B33: 0 | C33: 0 | D33: =IF(B33>0,C33/B33*100,"-") -> - | E33: 0 | F33: 0 | G33: =IF(E33>0,F33/E33*100,"-") -> - | H33: 0 | I33: 0 | J33: =IF(H33>0,I33/H33*100,"-") -> - | K33: 0 | L33: 0 | M33: =IF(K33>0,L33/K33*100,"-") -> - | N33: 0 | O33: 0 | P33: =IF(N33>0,O33/N33*100,"-") -> - | Q33: 0 | R33: 0 | S33: =IF(Q33>0,R33/Q33*100,"-") -> - | T33: 0 | U33: 0 | V33: =IF(T33>0,U33/T33*100,"-") -> - | W33: 0 | X33: 0 | Y33: =IF(W33>0,X33/W33*100,"-") -> - | Z33: =IF(T33>0,W33/T33*100-100,"-") -> - | AA33: =IF(U33>0,X33/U33*100-100,"-") -> -
A34: 202 INVESTIMENTI FISSI LORDI E ACQUISTO DI TERRENI | B34: 20715679 | C34: 17980397 | D34: =IF(B34>0,C34/B34*100,"-") -> 86.79608 | E34: 48956619 | F34: 45773029 | G34: =IF(E34>0,F34/E34*100,"-") -> 93.497121 | H34: 19010628 | I34: 17264786 | J34: =IF(H34>0,I34/H34*100,"-") -> 90.816499 | K34: 20063614 | L34: 18777758 | M34: =IF(K34>0,L34/K34*100,"-") -> 93.591101 | N34: 26755513 | O34: 7158774.2 | P34: =IF(N34>0,O34/N34*100,"-") -> 26.756259 | Q34: 11978136 | R34: 5728727.6 | S34: =IF(Q34>0,R34/Q34*100,"-") -> 47.826536 | T34: 8100620.2 | U34: 5384550.9 | V34: =IF(T34>0,U34/T34*100,"-") -> 66.470848 | W34: 12639077 | X34: 9404816.3 | Y34: =IF(W34>0,X34/W34*100,"-") -> 74.410628 | Z34: =IF(T34>0,W34/T34*100-100,"-") -> 56.026036 | AA34: =IF(U34>0,X34/U34*100-100,"-") -> 74.662966
A35: 203 CONTRIBUTI AGLI INVESTIMENTI | B35: 2.8538949e+08 | C35: 2.1563072e+08 | D35: =IF(B35>0,C35/B35*100,"-") -> 75.556644 | E35: 3.0436993e+08 | F35: 2.0820268e+08 | G35: =IF(E35>0,F35/E35*100,"-") -> 68.404483 | H35: 4.135905e+08 | I35: 2.5593427e+08 | J35: =IF(H35>0,I35/H35*100,"-") -> 61.88108 | K35: 2.7014786e+08 | L35: 1.7670073e+08 | M35: =IF(K35>0,L35/K35*100,"-") -> 65.408896 | N35: 4.1279557e+08 | O35: 2.2844654e+08 | P35: =IF(N35>0,O35/N35*100,"-") -> 55.341326 | Q35: 3.2306863e+08 | R35: 1.8568678e+08 | S35: =IF(Q35>0,R35/Q35*100,"-") -> 57.475956 | T35: 3.7797894e+08 | U35: 1.9341989e+08 | V35: =IF(T35>0,U35/T35*100,"-") -> 51.172134 | W35: 3.7084138e+08 | X35: 2.6422365e+08 | Y35: =IF(W35>0,X35/W35*100,"-") -> 71.249775 | Z35: =IF(T35>0,W35/T35*100-100,"-") -> -1.8883502 | AA35: =IF(U35>0,X35/U35*100-100,"-") -> 36.606244
A36: 204ALTRI TRASFERIMENTI IN CONTO CAPITALE | B36: 60927783 | C36: 50024919 | D36: =IF(B36>0,C36/B36*100,"-") -> 82.105267 | E36: 66181516 | F36: 51456384 | G36: =IF(E36>0,F36/E36*100,"-") -> 77.750385 | H36: 54800895 | I36: 40814516 | J36: =IF(H36>0,I36/H36*100,"-") -> 74.477827 | K36: 43404967 | L36: 33020367 | M36: =IF(K36>0,L36/K36*100,"-") -> 76.075088 | N36: 39533564 | O36: 27153783 | P36: =IF(N36>0,O36/N36*100,"-") -> 68.685391 | Q36: 27073900 | R36: 22905032 | S36: =IF(Q36>0,R36/Q36*100,"-") -> 84.601893 | T36: 13931892 | U36: 11697436 | V36: =IF(T36>0,U36/T36*100,"-") -> 83.96157 | W36: 47022494 | X36: 25547314 | Y36: =IF(W36>0,X36/W36*100,"-") -> 54.329985 | Z36: =IF(T36>0,W36/T36*100-100,"-") -> 237.51692 | AA36: =IF(U36>0,X36/U36*100-100,"-") -> 118.40098
A37: 205ALTRE SPESE IN CONTO CAPITALE | B37: 108167.4 | C37: 108167.4 | D37: =IF(B37>0,C37/B37*100,"-") -> 100 | E37: 3000000 | F37: 0 | G37: =IF(E37>0,F37/E37*100,"-") -> 0 | H37: 0 | I37: 0 | J37: =IF(H37>0,I37/H37*100,"-") -> - | K37: 2999.99 | L37: 2999.99 | M37: =IF(K37>0,L37/K37*100,"-") -> 100 | N37: 25293.53 | O37: 25293.53 | P37: =IF(N37>0,O37/N37*100,"-") -> 100 | Q37: 0 | R37: 0 | S37: =IF(Q37>0,R37/Q37*100,"-") -> - | T37: 23347.87 | U37: 0 | V37: =IF(T37>0,U37/T37*100,"-") -> 0 | W37: 0 | X37: 0 | Y37: =IF(W37>0,X37/W37*100,"-") -> - | Z37: =IF(T37>0,W37/T37*100-100,"-") -> -100 | AA37: =IF(U37>0,X37/U37*100-100,"-") -> -
A38: 301 ACQUISIZIONI DI ATTIVITA' FINANZIARIE | B38: 5300000 | C38: 5300000 | D38: =IF(B38>0,C38/B38*100,"-") -> 100 | E38: 688458.83 | F38: 688458.83 | G38: =IF(E38>0,F38/E38*100,"-") -> 100 | H38: 0 | I38: 0 | J38: =IF(H38>0,I38/H38*100,"-") -> - | K38: 34214.11 | L38: 34214.11 | M38: =IF(K38>0,L38/K38*100,"-") -> 100 | N38: 0 | O38: 0 | P38: =IF(N38>0,O38/N38*100,"-") -> - | Q38: 5000000 | R38: 5000000 | S38: =IF(Q38>0,R38/Q38*100,"-") -> 100 | T38: 0 | U38: 0 | V38: =IF(T38>0,U38/T38*100,"-") -> - | W38: 0 | X38: 0 | Y38: =IF(W38>0,X38/W38*100,"-") -> - | Z38: =IF(T38>0,W38/T38*100-100,"-") -> - | AA38: =IF(U38>0,X38/U38*100-100,"-") -> -
A39: 302 CONCESSIONE CREDITI DI BREVE TERMINE | B39: 0 | C39: 0 | D39: =IF(B39>0,C39/B39*100,"-") -> - | E39: 0 | F39: 0 | G39: =IF(E39>0,F39/E39*100,"-") -> - | H39: 0 | I39: 0 | J39: =IF(H39>0,I39/H39*100,"-") -> - | K39: 0 | L39: 0 | M39: =IF(K39>0,L39/K39*100,"-") -> - | N39: 0 | O39: 0 | P39: =IF(N39>0,O39/N39*100,"-") -> - | Q39: 0 | R39: 0 | S39: =IF(Q39>0,R39/Q39*100,"-") -> - | T39: 0 | U39: 0 | V39: =IF(T39>0,U39/T39*100,"-") -> - | W39: 0 | X39: 0 | Y39: =IF(W39>0,X39/W39*100,"-") -> - | Z39: =IF(T39>0,W39/T39*100-100,"-") -> - | AA39: =IF(U39>0,X39/U39*100-100,"-") -> -
A40: 303 CONCESSIONE CREDITI DI MEDIO-LUNGO TERMINE | B40: 0 | C40: 0 | D40: =IF(B40>0,C40/B40*100,"-") -> - | E40: 0 | F40: 0 | G40: =IF(E40>0,F40/E40*100,"-") -> - | H40: 0 | I40: 0 | J40: =IF(H40>0,I40/H40*100,"-") -> - | K40: 0 | L40: 0 | M40: =IF(K40>0,L40/K40*100,"-") -> - | N40: 0 | O40: 0 | P40: =IF(N40>0,O40/N40*100,"-") -> - | Q40: 0 | R40: 0 | S40: =IF(Q40>0,R40/Q40*100,"-") -> - | T40: 0 | U40: 0 | V40: =IF(T40>0,U40/T40*100,"-") -> - | W40: 0 | X40: 0 | Y40: =IF(W40>0,X40/W40*100,"-") -> - | Z40: =IF(T40>0,W40/T40*100-100,"-") -> - | AA40: =IF(U40>0,X40/U40*100-100,"-") -> -
... A49: 702 USCITE PER CONTO TERZI | B49: 12176094 | C49: 0 | D49: =IF(B49>0,C49/B49*100,"-") -> 0 | E49: 25106.98 | F49: 0 | G49: =IF(E49>0,F49/E49*100,"-") -> 0 | H49: 27957.48 | I49: 0 | J49: =IF(H49>0,I49/H49*100,"-") -> 0 | K49: 8392.06 | L49: 0 | M49: =IF(K49>0,L49/K49*100,"-") -> 0 | N49: 83172.96 | O49: 0 | P49: =IF(N49>0,O49/N49*100,"-") -> 0 | Q49: 2352.36 | R49: 0 | S49: =IF(Q49>0,R49/Q49*100,"-") -> 0 | T49: 114187.52 | U49: 0 | V49: =IF(T49>0,U49/T49*100,"-") -> 0 | W49: 13908.08 | X49: 0 | Y49: =IF(W49>0,X49/W49*100,"-") -> 0 | Z49: =IF(T49>0,W49/T49*100-100,"-") -> -87.819965 | AA49: =IF(U49>0,X49/U49*100-100,"-") -> -
A50: 1 Spese correnti | B50: =SUM(B23:B32) -> 1.3958627e+09 | C50: =SUM(C23:C32) -> 1.3096464e+09 | D50: =IF(B50>0,C50/B50*100,"-") -> 93.823435 | E50: =SUM(E23:E32) -> 1.4687074e+09 | F50: =SUM(F23:F32) -> 1.322481e+09 | G50: =IF(E50>0,F50/E50*100,"-") -> 90.043866 | H50: =SUM(H23:H32) -> 1.4585474e+09 | I50: =SUM(I23:I32) -> 1.3884725e+09 | J50: =IF(H50>0,I50/H50*100,"-") -> 95.195565 | K50: =SUM(K23:K32) -> 1.5008197e+09 | L50: =SUM(L23:L32) -> 1.4021395e+09 | M50: =IF(K50>0,L50/K50*100,"-") -> 93.424909 | N50: =SUM(N23:N32) -> 1.5869449e+09 | O50: =SUM(O23:O32) -> 1.5091787e+09 | P50: =IF(N50>0,O50/N50*100,"-") -> 95.099626 | Q50: =SUM(Q23:Q32) -> 1.5524825e+09 | R50: =SUM(R23:R32) -> 1.4574521e+09 | S50: =IF(Q50>0,R50/Q50*100,"-") -> 93.878814 | T50: =SUM(T23:T32) -> 1.7090927e+09 | U50: =SUM(U23:U32) -> 1.5553716e+09 | V50: =IF(T50>0,U50/T50*100,"-") -> 91.00569 | W50: =SUM(W23:W32) -> 1.866073e+09 | X50: =SUM(X23:X32) -> 1.747331e+09 | Y50: =IF(W50>0,X50/W50*100,"-") -> 93.636798 | Z50: =IF(T50>0,W50/T50*100-100,"-") -> 9.185008 | AA50: =IF(U50>0,X50/U50*100-100,"-") -> 12.341707
A51: 2 Spese in conto capitale | B51: =SUM(B33:B37) -> 3.6714112e+08 | C51: =SUM(C33:C37) -> 2.837442e+08 | D51: =IF(B51>0,C51/B51*100,"-") -> 77.284779 | E51: =SUM(E33:E37) -> 4.2250806e+08 | F51: =SUM(F33:F37) -> 3.0543209e+08 | G51: =IF(E51>0,F51/E51*100,"-") -> 72.290239 | H51: =SUM(H33:H37) -> 4.8740202e+08 | I51: =SUM(I33:I37) -> 3.1401357e+08 | J51: =IF(H51>0,I51/H51*100,"-") -> 64.425988 | K51: =SUM(K33:K37) -> 3.3361944e+08 | L51: =SUM(L33:L37) -> 2.2850186e+08 | M51: =IF(K51>0,L51/K51*100,"-") -> 68.491769 | N51: =SUM(N33:N37) -> 4.7910994e+08 | O51: =SUM(O33:O37) -> 2.6278439e+08 | P51: =IF(N51>0,O51/N51*100,"-") -> 54.848453 | Q51: =SUM(Q33:Q37) -> 3.6212067e+08 | R51: =SUM(R33:R37) -> 2.1432054e+08 | S51: =IF(Q51>0,R51/Q51*100,"-") -> 59.184842 | T51: =SUM(T33:T37) -> 4.000348e+08 | U51: =SUM(U33:U37) -> 2.1050188e+08 | V51: =IF(T51>0,U51/T51*100,"-") -> 52.620891 | W51: =SUM(W33:W37) -> 4.3050295e+08 | X51: =SUM(X33:X37) -> 2.9917578e+08 | Y51: =IF(W51>0,X51/W51*100,"-") -> 69.494479 | Z51: =IF(T51>0,W51/T51*100-100,"-") -> 7.6163733 | AA51: =IF(U51>0,X51/U51*100-100,"-") -> 42.124993
A52: 3 Spese per incremento attività finanziaria | B52: =SUM(B38:B41) -> 42999095 | C52: =SUM(C38:C41) -> 42999095 | D52: =IF(B52>0,C52/B52*100,"-") -> 100 | E52: =SUM(E38:E41) -> 19542496 | F52: =SUM(F38:F41) -> 19542496 | G52: =IF(E52>0,F52/E52*100,"-") -> 100 | H52: =SUM(H38:H41) -> 30249929 | I52: =SUM(I38:I41) -> 30249929 | J52: =IF(H52>0,I52/H52*100,"-") -> 100 | K52: =SUM(K38:K41) -> 1.9334707e+08 | L52: =SUM(L38:L41) -> 1.9334707e+08 | M52: =IF(K52>0,L52/K52*100,"-") -> 100 | N52: =SUM(N38:N41) -> 1.7889151e+08 | O52: =SUM(O38:O41) -> 1.7889151e+08 | P52: =IF(N52>0,O52/N52*100,"-") -> 100 | Q52: =SUM(Q38:Q41) -> 81874076 | R52: =SUM(R38:R41) -> 81874076 | S52: =IF(Q52>0,R52/Q52*100,"-") -> 100 | T52: =SUM(T38:T41) -> 34525947 | U52: =SUM(U38:U41) -> 34525947 | V52: =IF(T52>0,U52/T52*100,"-") -> 100 | W52: =SUM(W38:W41) -> 33566708 | X52: =SUM(X38:X41) -> 33566708 | Y52: =IF(W52>0,X52/W52*100,"-") -> 100 | Z52: =IF(T52>0,W52/T52*100-100,"-") -> -2.7783136 | AA52: =IF(U52>0,X52/U52*100-100,"-") -> -2.7783134
A53: 4 Rimborso prestiti | B53: =SUM(B42:B46) -> 43704320 | C53: =SUM(C42:C46) -> 43704320 | D53: =IF(B53>0,C53/B53*100,"-") -> 100 | E53: =SUM(E42:E46) -> 46867084 | F53: =SUM(F42:F46) -> 46867083 | G53: =IF(E53>0,F53/E53*100,"-") -> 99.999998 | H53: =SUM(H42:H46) -> 50572445 | I53: =SUM(I42:I46) -> 50572445 | J53: =IF(H53>0,I53/H53*100,"-") -> 100 | K53: =SUM(K42:K46) -> 46608326 | L53: =SUM(L42:L46) -> 46608326 | M53: =IF(K53>0,L53/K53*100,"-") -> 100 | N53: =SUM(N42:N46) -> 14955693 | O53: =SUM(O42:O46) -> 14955693 | P53: =IF(N53>0,O53/N53*100,"-") -> 100 | Q53: =SUM(Q42:Q46) -> 17392847 | R53: =SUM(R42:R46) -> 17392847 | S53: =IF(Q53>0,R53/Q53*100,"-") -> 100 | T53: =SUM(T42:T46) -> 20973014 | U53: =SUM(U42:U46) -> 20973014 | V53: =IF(T53>0,U53/T53*100,"-") -> 100 | W53: =SUM(W42:W46) -> 19180844 | X53: =SUM(X42:X46) -> 19180844 | Y53: =IF(W53>0,X53/W53*100,"-") -> 100 | Z53: =IF(T53>0,W53/T53*100-100,"-") -> -8.5451208 | AA53: =IF(U53>0,X53/U53*100-100,"-") -> -8.5451208
A54: 5 Chiusura anticipazioni ricevute tesoriere/cassiere | B54: =B47 -> 0 | C54: =C47 -> 0 | D54: =IF(B54>0,C54/B54*100,"-") -> - | E54: =E47 -> 0 | F54: =F47 -> 0 | G54: =IF(E54>0,F54/E54*100,"-") -> - | H54: =H47 -> 0 | I54: =I47 -> 0 | J54: =IF(H54>0,I54/H54*100,"-") -> - | K54: =K47 -> 0 | L54: =L47 -> 0 | M54: =IF(K54>0,L54/K54*100,"-") -> - | N54: =N47 -> 0 | O54: =O47 -> 0 | P54: =IF(N54>0,O54/N54*100,"-") -> - | Q54: =Q47 -> 0 | R54: =R47 -> 0 | S54: =IF(Q54>0,R54/Q54*100,"-") -> - | T54: =T47 -> 0 | U54: =U47 -> 0 | V54: =IF(T54>0,U54/T54*100,"-") -> - | W54: =W47 -> 0 | X54: =X47 -> 0 | Y54: =IF(W54>0,X54/W54*100,"-") -> - | Z54: =IF(T54>0,W54/T54*100-100,"-") -> - | AA54: =IF(U54>0,X54/U54*100-100,"-") -> -
A55: 7 Conto terzi e partite di giro | B55: =SUM(B48:B49) -> 2.6858056e+08 | C55: 2.0350254e+08 | D55: =IF(B55>0,C55/B55*100,"-") -> 75.769648 | E55: =SUM(E48:E49) -> 1.835963e+08 | F55: 98839930 | G55: =IF(E55>0,F55/E55*100,"-") -> 53.83547 | H55: =SUM(H48:H49) -> 1.6224292e+08 | I55: 37514986 | J55: =IF(H55>0,I55/H55*100,"-") -> 23.122727 | K55: =SUM(K48:K49) -> 2.3152848e+08 | L55: 42406645 | M55: =IF(K55>0,L55/K55*100,"-") -> 18.315951 | N55: =SUM(N48:N49) -> 2.2254321e+08 | O55: 32537402 | P55: =IF(N55>0,O55/N55*100,"-") -> 14.620712 | Q55: =SUM(Q48:Q49) -> 1.4714554e+08 | R55: 34074866 | S55: =IF(Q55>0,R55/Q55*100,"-") -> 23.157253 | T55: =SUM(T48:T49) -> 1.3345756e+08 | U55: 1.1930032e+08 | V55: =IF(T55>0,U55/T55*100,"-") -> 89.391955 | W55: =SUM(W48:W49) -> 1.704603e+08 | X55: =SUM(X48:X49) -> 57021217 | Y55: =IF(W55>0,X55/W55*100,"-") -> 33.451318 | Z55: =IF(T55>0,W55/T55*100-100,"-") -> 27.726225 | AA55: =IF(U55>0,X55/U55*100-100,"-") -> -52.203634
A56: Totale Uscite | B56: =SUM(B50:B55) -> 2.1182878e+09 | C56: =SUM(C50:C55) -> 1.8835965e+09 | D56: =IF(B56>0,C56/B56*100,"-") -> 88.920708 | E56: =SUM(E50:E55) -> 2.1412214e+09 | F56: =SUM(F50:F55) -> 1.7931626e+09 | G56: =IF(E56>0,F56/E56*100,"-") -> 83.744847 | H56: =SUM(H50:H55) -> 2.1890148e+09 | I56: =SUM(I50:I55) -> 1.8208234e+09 | J56: =IF(H56>0,I56/H56*100,"-") -> 83.180043 | K56: =SUM(K50:K55) -> 2.3059231e+09 | L56: =SUM(L50:L55) -> 1.9130034e+09 | M56: =IF(K56>0,L56/K56*100,"-") -> 82.960416 | N56: =SUM(N50:N55) -> 2.4824453e+09 | O56: =SUM(O50:O55) -> 1.9983477e+09 | P56: =IF(N56>0,O56/N56*100,"-") -> 80.499164 | Q56: =SUM(Q50:Q55) -> 2.1610156e+09 | R56: =SUM(R50:R55) -> 1.8051145e+09 | S56: =IF(Q56>0,R56/Q56*100,"-") -> 83.530839 | T56: =SUM(T50:T55) -> 2.298084e+09 | U56: =SUM(U50:U55) -> 1.9406728e+09 | V56: =IF(T56>0,U56/T56*100,"-") -> 84.447424 | W56: =SUM(W50:W55) -> 2.5197838e+09 | X56: =SUM(X50:X55) -> 2.1562755e+09 | Y56: =IF(W56>0,X56/W56*100,"-") -> 85.573832 | Z56: =IF(T56>0,W56/T56*100-100,"-") -> 9.6471573 | AA56: =IF(U56>0,X56/U56*100-100,"-") -> 11.109693
A57: Uscite nette | B57: =B56-B55 -> 1.8497072e+09 | C57: =C56-C55 -> 1.680094e+09 | D57: =IF(B57>0,C57/B57*100,"-") -> 90.830264 | E57: =E56-E55 -> 1.9576251e+09 | F57: =F56-F55 -> 1.6943226e+09 | G57: =IF(E57>0,F57/E57*100,"-") -> 86.549904 | H57: =H56-H55 -> 2.0267718e+09 | I57: =I56-I55 -> 1.7833084e+09 | J57: =IF(H57>0,I57/H57*100,"-") -> 87.987626 | K57: =K56-K55 -> 2.0743946e+09 | L57: =L56-L55 -> 1.8705967e+09 | M57: =IF(K57>0,L57/K57*100,"-") -> 90.17555 | N57: =N56-N55 -> 2.2599021e+09 | O57: =O56-O55 -> 1.9658103e+09 | P57: =IF(N57>0,O57/N57*100,"-") -> 86.986526 | Q57: =Q56-Q55 -> 2.0138701e+09 | R57: =R56-R55 -> 1.7710396e+09 | S57: =IF(Q57>0,R57/Q57*100,"-") -> 87.942099 | T57: =T56-T55 -> 2.1646265e+09 | U57: =U56-U55 -> 1.8213724e+09 | V57: =IF(T57>0,U57/T57*100,"-") -> 84.142575 | W57: =W56-W55 -> 2.3493235e+09 | X57: =X56-X55 -> 2.0992543e+09 | Y57: =IF(W57>0,X57/W57*100,"-") -> 89.355695 | Z57: =IF(T57>0,W57/T57*100-100,"-") -> 8.5325131 | AA57: =IF(U57>0,X57/U57*100-100,"-") -> 15.256731
A58: Saldo entrate/uscite | B58: =B21-B57 -> -18458775 | C58: =C21-C57 -> -1.088917e+08 | E58: =E21-E57 -> -24457737 | F58: =F21-F57 -> -2.3551428e+08 | H58: =H21-H57 -> 86470625 | I58: =I21-I57 -> -3.8456178e+08 | K58: =K21-K57 -> 1.4877131e+08 | L58: =L21-L57 -> -3.8644848e+08 | N58: =N21-N57 -> -35431138 | O58: =O21-O57 -> -4.6491197e+08 | Q58: =Q21-Q57 -> 58520317 | R58: =R21-R57 -> -2.19627e+08 | T58: =T21-T57 -> 1.4007545e+08 | U58: =U21-U57 -> 831071.51 | W58: =W21-W57 -> 63602920 | X58: =X21-X57 -> -2.3243579e+08 | Z58: =IF(T58>0,W58/T58*100-100,"-") -> -54.593813 | AA58: =IF(U58>0,X58/U58*100-100,"-") -> -28068.206
A59: Saldo corrente | B59: =B14-B50 -> 1.6480825e+08 | C59: =C14-C50 -> 1.4050528e+08 | E59: =E14-E50 -> 94138726 | F59: =F14-F50 -> 38382423 | H59: =H14-H50 -> 1.1663997e+08 | I59: =I14-I50 -> -77256836 | K59: =K14-K50 -> 1.3628804e+08 | L59: =L14-L50 -> -1.2043129e+08 | N59: =N14-N50 -> 1.679243e+08 | O59: =O14-O50 -> -1.1450537e+08 | Q59: =Q14-Q50 -> 1.5335608e+08 | R59: =R14-R50 -> -7619611.2 | T59: =T14-T50 -> 2.3327429e+08 | U59: =U14-U50 -> 2.1773967e+08 | W59: =W14-W50 -> 1.9036059e+08 | X59: =X14-X50 -> 45545628 | Z59: =IF(T59>0,W59/T59*100-100,"-") -> -18.396241 | AA59: =IF(U59>0,X59/U59*100-100,"-") -> -79.082531
A60: Saldo in conto capitale | B60: =B15-B51 -> -1.3426271e+08 | C60: =C15-C51 -> -1.6269357e+08 | E60: =E15-E51 -> -1.0545695e+08 | F60: =F15-F51 -> -2.1797521e+08 | H60: =H15-H51 -> 3586730.4 | I60: =I15-I51 -> -2.4585963e+08 | K60: =K15-K51 -> 59125816 | L60: =L15-L51 -> -1.2518893e+08 | N60: =N15-N51 -> -1.8839975e+08 | O60: =O15-O51 -> -1.7074348e+08 | Q60: =Q15-Q51 -> -72442912 | R60: =R15-R51 -> -1.1274047e+08 | T60: =T15-T51 -> -72225825 | U60: =U15-U51 -> -1.6140963e+08 | W60: =W15-W51 -> -1.0757682e+08 | X60: =X15-X51 -> -2.2523392e+08 | Z60: =IF(T60>0,W60/T60*100-100,"-") -> - | AA60: =IF(U60>0,X60/U60*100-100,"-") -> -

Sheet Tav_Entrate
B1: 2016 | C1: 2017 | D1: 2018 | E1: 2019 | F1: 2020 | G1: 2021 | H1: 2022 | I1: 2023 | J1: Comp.% netta | K1: Var. % | L1: Riscossioni 2023 | M1: % Risc.
A2: 100 Entrate correnti di natura tributaria, contributiva e perequativa | B2: =Entrate_Uscite!B3 -> 1.3731079e+09 | C2: =Entrate_Uscite!E3 -> 1.3725261e+09 | D2: =Entrate_Uscite!H3 -> 1.2967768e+09 | E2: =Entrate_Uscite!K3 -> 1.3896526e+09 | F2: =Entrate_Uscite!N3 -> 1.4522204e+09 | G2: =Entrate_Uscite!Q3 -> 1.4152144e+09 | H2: =Entrate_Uscite!T3 -> 1.5148567e+09 | I2: =Entrate_Uscite!W3 -> 1.5711039e+09 | J2: =I2/I$21*100 -> 65.111971 | K2: =IF(H2>0,I2/H2*100-100,"-") -> 3.7130387 | L2: =Entrate_Uscite!X3 -> 1.4417874e+09 | M2: =IF(I2>0,L2/I2*100,"-") -> 91.769068
A3: 200 Trasferimenti correnti | B3: =Entrate_Uscite!B4 -> 1.4591617e+08 | C3: =Entrate_Uscite!E4 -> 1.5002876e+08 | D3: =Entrate_Uscite!H4 -> 2.2430327e+08 | E3: =Entrate_Uscite!K4 -> 1.9515621e+08 | F3: =Entrate_Uscite!N4 -> 2.6551412e+08 | G3: =Entrate_Uscite!Q4 -> 2.6105265e+08 | H3: =Entrate_Uscite!T4 -> 3.9963932e+08 | I3: =Entrate_Uscite!W4 -> 4.4531493e+08 | J3: =I3/I$21*100 -> 18.455388 | K3: =IF(H3>0,I3/H3*100-100,"-") -> 11.429208 | L3: =Entrate_Uscite!X4 -> 3.3574325e+08 | M3: =IF(I3>0,L3/I3*100,"-") -> 75.394563
A4: 300 Entrate extratributarie | B4: =Entrate_Uscite!B5 -> 41646915 | C4: =Entrate_Uscite!E5 -> 40291301 | D4: =Entrate_Uscite!H5 -> 54107355 | E4: =Entrate_Uscite!K5 -> 52298911 | F4: =Entrate_Uscite!N5 -> 37134735 | G4: =Entrate_Uscite!Q5 -> 29571492 | H4: =Entrate_Uscite!T5 -> 27870926 | I4: =Entrate_Uscite!W5 -> 40014700 | J4: =I4/I$21*100 -> 1.6583473 | K4: =IF(H4>0,I4/H4*100-100,"-") -> 43.571475 | L4: =Entrate_Uscite!X5 -> 15345927 | M4: =IF(I4>0,L4/I4*100,"-") -> 38.350724
A5: - Entrate correnti | B5: =SUM(B2:B4) -> 1.560671e+09 | C5: =SUM(C2:C4) -> 1.5628462e+09 | D5: =SUM(D2:D4) -> 1.5751874e+09 | E5: =SUM(E2:E4) -> 1.6371078e+09 | F5: =SUM(F2:F4) -> 1.7548692e+09 | G5: =SUM(G2:G4) -> 1.7058386e+09 | H5: =SUM(H2:H4) -> 1.942367e+09 | I5: =SUM(I2:I4) -> 2.0564336e+09 | J5: =I5/I$21*100 -> 85.225706 | K5: =IF(H5>0,I5/H5*100-100,"-") -> 5.8725566 | L5: =SUM(L2:L4) -> 1.7928766e+09 | M5: =IF(I5>0,L5/I5*100,"-") -> 87.183785
A6: 401 Tributi in conto capitale | B6: =Entrate_Uscite!B6 -> 0 | C6: =Entrate_Uscite!E6 -> 0 | D6: =Entrate_Uscite!H6 -> 0 | E6: =Entrate_Uscite!K6 -> 0 | F6: =Entrate_Uscite!N6 -> 0 | G6: =Entrate_Uscite!Q6 -> 0 | H6: =Entrate_Uscite!T6 -> 0 | I6: =Entrate_Uscite!W6 -> 0 | J6: =I6/I$21*100 -> 0 | K6: =IF(H6>0,I6/H6*100-100,"-") -> - | L6: =Entrate_Uscite!X6 -> 0 | M6: =IF(I6>0,L6/I6*100,"-") -> -
A7: 402 Contributi agli investimenti | B7: =Entrate_Uscite!B7 -> 1.8148214e+08 | C7: =Entrate_Uscite!E7 -> 2.4252684e+08 | D7: =Entrate_Uscite!H7 -> 4.1212007e+08 | E7: =Entrate_Uscite!K7 -> 3.3135257e+08 | F7: =Entrate_Uscite!N7 -> 2.4714083e+08 | G7: =Entrate_Uscite!Q7 -> 218629583 | H7: =Entrate_Uscite!T7 -> 2.7812585e+08 | I7: =Entrate_Uscite!W7 -> 2.7643509e+08 | J7: =I7/I$21*100 -> 11.456424 | K7: =IF(H7>0,I7/H7*100-100,"-") -> -0.60791162 | L7: =Entrate_Uscite!X7 -> 38102861 | M7: =IF(I7>0,L7/I7*100,"-") -> 13.783656
A8: 403 Altri trasferimenti in conto capitale | B8: =Entrate_Uscite!B8 -> 50232930 | C8: =Entrate_Uscite!E8 -> 73673344 | D8: =Entrate_Uscite!H8 -> 78157043 | E8: =Entrate_Uscite!K8 -> 61156313 | F8: =Entrate_Uscite!N8 -> 43431530 | G8: =Entrate_Uscite!Q8 -> 70956779 | H8: =Entrate_Uscite!T8 -> 49396483 | I8: =Entrate_Uscite!W8 -> 46431811 | J8: =I8/I$21*100 -> 1.9242945 | K8: =IF(H8>0,I8/H8*100-100,"-") -> -6.001787 | L8: =Entrate_Uscite!X8 -> 35779775 | M8: =IF(I8>0,L8/I8*100,"-") -> 77.058754
A9: 404 Entrate da alienazione di beni materiali e immateriali | B9: =Entrate_Uscite!B9 -> 508519.56 | C9: =Entrate_Uscite!E9 -> 580234.74 | D9: =Entrate_Uscite!H9 -> 710491.89 | E9: =Entrate_Uscite!K9 -> 236376 | F9: =Entrate_Uscite!N9 -> 137830.87 | G9: =Entrate_Uscite!Q9 -> 91392.65 | H9: =Entrate_Uscite!T9 -> 286649.36 | I9: =Entrate_Uscite!W9 -> 59227.9 | J9: =I9/I$21*100 -> 0.0024546086 | K9: =IF(H9>0,I9/H9*100-100,"-") -> -79.337857 | L9: =Entrate_Uscite!X9 -> 59227.9 | M9: =IF(I9>0,L9/I9*100,"-") -> 100
A10: 405 Altre entrate in conto capitale | B10: =Entrate_Uscite!B10 -> 654822.47 | C10: =Entrate_Uscite!E10 -> 270697.95 | D10: =Entrate_Uscite!H10 -> 1149.45 | E10: =Entrate_Uscite!K10 -> 0 | F10: =Entrate_Uscite!N10 -> 0 | G10: =Entrate_Uscite!Q10 -> 0 | H10: =Entrate_Uscite!T10 -> 0 | I10: =Entrate_Uscite!W10 -> 0 | J10: =I10/I$21*100 -> 0 | K10: =IF(H10>0,I10/H10*100-100,"-") -> - | L10: =Entrate_Uscite!X10 -> 0 | M10: =IF(I10>0,L10/I10*100,"-") -> -
A11: - Entrate in conto capitale | B11: =SUM(B6:B10) -> 2.3287841e+08 | C11: =SUM(C6:C10) -> 3.1705112e+08 | D11: =SUM(D6:D10) -> 4.9098876e+08 | E11: =SUM(E6:E10) -> 3.9274526e+08 | F11: =SUM(F6:F10) -> 2.9071019e+08 | G11: =SUM(G6:G10) -> 2.8967775e+08 | H11: =SUM(H6:H10) -> 3.2780898e+08 | I11: =SUM(I6:I10) -> 3.2292613e+08 | J11: =I11/I$21*100 -> 13.383173 | K11: =IF(H11>0,I11/H11*100-100,"-") -> -1.489542 | L11: =SUM(L6:L10) -> 73941864 | M11: =IF(I11>0,L11/I11*100,"-") -> 22.897455
A12: 501 Alienazione di attività finanziarie | B12: =Entrate_Uscite!B11 -> 0 | C12: =Entrate_Uscite!E11 -> 0 | D12: =Entrate_Uscite!H11 -> 0 | E12: =Entrate_Uscite!K11 -> 0 | F12: =Entrate_Uscite!N11 -> 0 | G12: =Entrate_Uscite!Q11 -> 0 | H12: =Entrate_Uscite!T11 -> 0 | I12: =Entrate_Uscite!W11 -> 0 | J12: =I12/I$21*100 -> 0 | K12: =IF(H12>0,I12/H12*100-100,"-") -> - | L12: =Entrate_Uscite!X11 -> 0 | M12: =IF(I12>0,L12/I12*100,"-") -> -
A13: 502_3 Riscossione di crediti | B13: =Entrate_Uscite!B12 -> 0 | C13: =Entrate_Uscite!E12 -> 0 | D13: =Entrate_Uscite!H12 -> 0 | E13: =Entrate_Uscite!K12 -> 0 | F13: =Entrate_Uscite!N12 -> 0 | G13: =Entrate_Uscite!Q12 -> 0 | H13: =Entrate_Uscite!T12 -> 0 | I13: =Entrate_Uscite!W12 -> 0 | J13: =I13/I$21*100 -> 0 | K13: =IF(H13>0,I13/H13*100-100,"-") -> - | L13: =Entrate_Uscite!X12 -> 0 | M13: =IF(I13>0,L13/I13*100,"-") -> -
A14: 504 Altre entrate per riduzione di attività finanziarie | B14: =Entrate_Uscite!B13 -> 37699095 | C14: =Entrate_Uscite!E13 -> 18854037 | D14: =Entrate_Uscite!H13 -> 30249929 | E14: =Entrate_Uscite!K13 -> 1.9331286e+08 | F14: =Entrate_Uscite!N13 -> 1.7889151e+08 | G14: =Entrate_Uscite!Q13 -> 76874076 | H14: =Entrate_Uscite!T13 -> 34525947 | I14: =Entrate_Uscite!W13 -> 33566708 | J14: =I14/I$21*100 -> 1.3911203 | K14: =IF(H14>0,I14/H14*100-100,"-") -> -2.7783136 | L14: =Entrate_Uscite!X13 -> 50 | M14: =IF(I14>0,L14/I14*100,"-") -> 0.00014895711
A15: - Entrate da riduzione attività finanziarie | B15: =SUM(B12:B14) -> 37699095 | C15: =SUM(C12:C14) -> 18854037 | D15: =SUM(D12:D14) -> 30249929 | E15: =SUM(E12:E14) -> 1.9331286e+08 | F15: =SUM(F12:F14) -> 1.7889151e+08 | G15: =SUM(G12:G14) -> 76874076 | H15: =SUM(H12:H14) -> 34525947 | I15: =SUM(I12:I14) -> 33566708 | J15: =I15/I$21*100 -> 1.3911203 | K15: =IF(H15>0,I15/H15*100-100,"-") -> -2.7783136 | L15: =SUM(L12:L14) -> 50 | M15: =IF(I15>0,L15/I15*100,"-") -> 0.00014895711
A16: Entrate finali | B16: =B5+B11+B15 -> 1.8312485e+09 | C16: =C5+C11+C15 -> 1.8987513e+09 | D16: =D5+D11+D15 -> 2.0964261e+09 | E16: =E5+E11+E15 -> 2.2231659e+09 | F16: =F5+F11+F15 -> 2.2244709e+09 | G16: =G5+G11+G15 -> 2.0723904e+09 | H16: =H5+H11+H15 -> 2.3047019e+09 | I16: =I5+I11+I15 -> 2.4129264e+09 | J16: =I16/I$21*100 -> 100 | K16: =IF(H16>0,I16/H16*100-100,"-") -> 4.6958137 | L16: =L5+L11+L15 -> 1.8668185e+09 | M16: =IF(I16>0,L16/I16*100,"-") -> 77.367404
A17: - Accensione di prestiti | B17: =Entrate_Uscite!B17 -> 0 | C17: =Entrate_Uscite!E17 -> 34416029 | D17: =Entrate_Uscite!H17 -> 16816369 | E17: =Entrate_Uscite!K17 -> 0 | F17: =Entrate_Uscite!N17 -> 0 | G17: =Entrate_Uscite!Q17 -> 0 | H17: =Entrate_Uscite!T17 -> 0 | I17: =Entrate_Uscite!W17 -> 0 | J17: =I17/I$21*100 -> 0 | K17: =IF(H17>0,I17/H17*100-100,"-") -> - | L17: =Entrate_Uscite!X17 -> 0 | M17: =IF(I17>0,L17/I17*100,"-") -> -
A18: - Anticipazioni da istituto tesoriere/cassiere | B18: =Entrate_Uscite!B18 -> 0 | C18: =Entrate_Uscite!E18 -> 0 | D18: =Entrate_Uscite!H18 -> 0 | E18: =Entrate_Uscite!K18 -> 0 | F18: =Entrate_Uscite!N18 -> 0 | G18: =Entrate_Uscite!Q18 -> 0 | H18: =Entrate_Uscite!T18 -> 0 | I18: =Entrate_Uscite!W18 -> 0 | J18: =I18/I$21*100 -> 0 | K18: =IF(H18>0,I18/H18*100-100,"-") -> - | L18: =Entrate_Uscite!X18 -> 0 | M18: =IF(I18>0,L18/I18*100,"-") -> -
A19: - Entrate per conto terzi e partite di giro | B19: =Entrate_Uscite!B19 -> 2.6858056e+08 | C19: =Entrate_Uscite!E19 -> 1.835963e+08 | D19: =Entrate_Uscite!H19 -> 1.6224292e+08 | E19: =Entrate_Uscite!K19 -> 2.3152848e+08 | F19: =Entrate_Uscite!N19 -> 2.2254321e+08 | G19: =Entrate_Uscite!Q19 -> 1.4714554e+08 | H19: =Entrate_Uscite!T19 -> 1.3345756e+08 | I19: =Entrate_Uscite!W19 -> 1.704603e+08 | K19: =IF(H19>0,I19/H19*100-100,"-") -> 27.726225 | L19: =Entrate_Uscite!X19 -> 1.6933486e+08 | M19: =IF(I19>0,L19/I19*100,"-") -> 99.339764
A20: Totale Entrate | B20: =B5+B11+B15+B17+B18+B19 -> 2.099829e+09 | C20: =C5+C11+C15+C17+C18+C19 -> 2.1167636e+09 | D20: =D5+D11+D15+D17+D18+D19 -> 2.2754854e+09 | E20: =E5+E11+E15+E17+E18+E19 -> 2.4546944e+09 | F20: =F5+F11+F15+F17+F18+F19 -> 2.4470141e+09 | G20: =G5+G11+G15+G17+G18+G19 -> 2.2195359e+09 | H20: =H5+H11+H15+H17+H18+H19 -> 2.4381595e+09 | I20: =I5+I11+I15+I17+I18+I19 -> 2.5833867e+09 | K20: =IF(H20>0,I20/H20*100-100,"-") -> 5.9564296 | L20: =L5+L11+L15+L17+L18+L19 -> 2.0361534e+09 | M20: =IF(I20>0,L20/I20*100,"-") -> 78.817213
A21: Entrate nette | B21: =B20-B19 -> 1.8312485e+09 | C21: =C20-C19 -> 1.9331673e+09 | D21: =D20-D19 -> 2.1132425e+09 | E21: =E20-E19 -> 2.2231659e+09 | F21: =F20-F19 -> 2.2244709e+09 | G21: =G20-G19 -> 2.0723904e+09 | H21: =H20-H19 -> 2.3047019e+09 | I21: =I20-I19 -> 2.4129264e+09 | J21: =I21/I$21*100 -> 100 | K21: =IF(H21>0,I21/H21*100-100,"-") -> 4.6958137 | L21: =L20-L19 -> 1.8668185e+09 | M21: =IF(I21>0,L21/I21*100,"-") -> 77.367404

Sheet Tav_Uscite
B1: 2016 | C1: 2017 | D1: 2018 | E1: 2019 | F1: 2020 | G1: 2021 | H1: 2022 | I1: 2023 | J1: Comp.% netta | K1: Var. % | L1: Pagamenti 2023 | M1: % Pag.
A2: 101 Redditi da lavoro dipendente | B2: =Entrate_Uscite!B23 -> 59880139 | C2: =Entrate_Uscite!E23 -> 59676308 | D2: =Entrate_Uscite!H23 -> 66884562 | E2: =Entrate_Uscite!K23 -> 69944914 | F2: =Entrate_Uscite!N23 -> 59827641 | G2: =Entrate_Uscite!Q23 -> 54158488 | H2: =Entrate_Uscite!T23 -> 52109911 | I2: =Entrate_Uscite!W23 -> 51017417 | J2: =I2/I$31*100 -> 2.1715791 | K2: =IF(H2>0,I2/H2*100-100,"-") -> -2.0965189 | L2: =Entrate_Uscite!X23 -> 50626822 | M2: =IF(I2>0,L2/I2*100,"-") -> 99.234389
A3: 102 Imposte e tasse a carico dell'ente | B3: =Entrate_Uscite!B24 -> 4613627 | C3: =Entrate_Uscite!E24 -> 5070057.6 | D3: =Entrate_Uscite!H24 -> 4691335.2 | E3: =Entrate_Uscite!K24 -> 5575455.6 | F3: =Entrate_Uscite!N24 -> 5068312 | G3: =Entrate_Uscite!Q24 -> 4335491.5 | H3: =Entrate_Uscite!T24 -> 4760908.2 | I3: =Entrate_Uscite!W24 -> 5383142.3 | J3: =I3/I$31*100 -> 0.22913585 | K3: =IF(H3>0,I3/H3*100-100,"-") -> 13.069649 | L3: =Entrate_Uscite!X24 -> 5361135.2 | M3: =IF(I3>0,L3/I3*100,"-") -> 99.591185
A4: 103 Acquisto di beni e servizi | B4: =Entrate_Uscite!B25 -> 71686425 | C4: =Entrate_Uscite!E25 -> 85225046 | D4: =Entrate_Uscite!H25 -> 97382478 | E4: =Entrate_Uscite!K25 -> 1.1154938e+08 | F4: =Entrate_Uscite!N25 -> 70905699 | G4: =Entrate_Uscite!Q25 -> 88262410 | H4: =Entrate_Uscite!T25 -> 1.1832386e+08 | I4: =Entrate_Uscite!W25 -> 1.1458979e+08 | J4: =I4/I$31*100 -> 4.8775656 | K4: =IF(H4>0,I4/H4*100-100,"-") -> -3.1558022 | L4: =Entrate_Uscite!X25 -> 97817531 | M4: =IF(I4>0,L4/I4*100,"-") -> 85.363214
A5: 104 Trasferimenti correnti | B5: =Entrate_Uscite!B26 -> 1.2505685e+09 | C5: =Entrate_Uscite!E26 -> 1.3106655e+09 | D5: =Entrate_Uscite!H26 -> 1.280618e+09 | E5: =Entrate_Uscite!K26 -> 1.3043501e+09 | F5: =Entrate_Uscite!N26 -> 1.4150516e+09 | G5: =Entrate_Uscite!Q26 -> 1.3918323e+09 | H5: =Entrate_Uscite!T26 -> 1.519386e+09 | I5: =Entrate_Uscite!W26 -> 1.6517484e+09 | J5: =I5/I$31*100 -> 70.307404 | K5: =IF(H5>0,I5/H5*100-100,"-") -> 8.7115658 | L5: =Entrate_Uscite!X26 -> 1.5576697e+09 | M5: =IF(I5>0,L5/I5*100,"-") -> 94.304297
A6: 107 Interessi passivi | B6: =Entrate_Uscite!B29 -> 7260057.8 | C6: =Entrate_Uscite!E29 -> 6235613.7 | D6: =Entrate_Uscite!H29 -> 7320424.3 | E6: =Entrate_Uscite!K29 -> 5765523.7 | F6: =Entrate_Uscite!N29 -> 6225752.9 | G6: =Entrate_Uscite!Q29 -> 5996977 | H6: =Entrate_Uscite!T29 -> 6457027.2 | I6: =Entrate_Uscite!W29 -> 7413198.2 | J6: =I6/I$31*100 -> 0.31554608 | K6: =IF(H6>0,I6/H6*100-100,"-") -> 14.808224 | L6: =Entrate_Uscite!X29 -> 7413198.2 | M6: =IF(I6>0,L6/I6*100,"-") -> 100
A7: 108 Altre spese per redditi da capitale | B7: =Entrate_Uscite!B30 -> 0 | C7: =Entrate_Uscite!E30 -> 0 | D7: =Entrate_Uscite!H30 -> 0 | E7: =Entrate_Uscite!K30 -> 0 | F7: =Entrate_Uscite!N30 -> 0 | G7: =Entrate_Uscite!Q30 -> 0 | H7: =Entrate_Uscite!T30 -> 0 | I7: =Entrate_Uscite!W30 -> 0 | J7: =I7/I$31*100 -> 0 | K7: =IF(H7>0,I7/H7*100-100,"-") -> - | L7: =Entrate_Uscite!X30 -> 0 | M7: =IF(I7>0,L7/I7*100,"-") -> -
A8: 109 Rimborsi e poste correttive delle entrate | B8: =Entrate_Uscite!B31 -> 693609.14 | C8: =Entrate_Uscite!E31 -> 980208.32 | D8: =Entrate_Uscite!H31 -> 942554.58 | E8: =Entrate_Uscite!K31 -> 655190.39 | F8: =Entrate_Uscite!N31 -> 493423.08 | G8: =Entrate_Uscite!Q31 -> 533564.43 | H8: =Entrate_Uscite!T31 -> 467639.75 | I8: =Entrate_Uscite!W31 -> 10482062 | J8: =I8/I$31*100 -> 0.44617365 | K8: =IF(H8>0,I8/H8*100-100,"-") -> 2141.4824 | L8: =Entrate_Uscite!X31 -> 10482062 | M8: =IF(I8>0,L8/I8*100,"-") -> 100
A9: 110 Altre spese correnti | B9: =Entrate_Uscite!B32 -> 1160371.6 | C9: =Entrate_Uscite!E32 -> 854691.95 | D9: =Entrate_Uscite!H32 -> 708127.79 | E9: =Entrate_Uscite!K32 -> 2979154.5 | F9: =Entrate_Uscite!N32 -> 29372492 | G9: =Entrate_Uscite!Q32 -> 7363288.1 | H9: =Entrate_Uscite!T32 -> 7587301.2 | I9: =Entrate_Uscite!W32 -> 25439021 | J9: =I9/I$31*100 -> 1.0828233 | K9: =IF(H9>0,I9/H9*100-100,"-") -> 235.28419 | L9: =Entrate_Uscite!X32 -> 17960576 | M9: =IF(I9>0,L9/I9*100,"-") -> 70.602464
A10: - Spese correnti | B10: =SUM(B2:B9) -> 1.3958627e+09 | C10: =SUM(C2:C9) -> 1.4687074e+09 | D10: =SUM(D2:D9) -> 1.4585474e+09 | E10: =SUM(E2:E9) -> 1.5008197e+09 | F10: =SUM(F2:F9) -> 1.5869449e+09 | G10: =SUM(G2:G9) -> 1.5524825e+09 | H10: =SUM(H2:H9) -> 1.7090927e+09 | I10: =SUM(I2:I9) -> 1.866073e+09 | J10: =I10/I$31*100 -> 79.430227 | K10: =IF(H10>0,I10/H10*100-100,"-") -> 9.185008 | L10: =SUM(L2:L9) -> 1.747331e+09 | M10: =IF(I10>0,L10/I10*100,"-") -> 93.636798
A11: 202 Investimenti fissi lordi e acquisto di terreni | B11: =Entrate_Uscite!B34 -> 20715679 | C11: =Entrate_Uscite!E34 -> 48956619 | D11: =Entrate_Uscite!H34 -> 19010628 | E11: =Entrate_Uscite!K34 -> 20063614 | F11: =Entrate_Uscite!N34 -> 26755513 | G11: =Entrate_Uscite!Q34 -> 11978136 | H11: =Entrate_Uscite!T34 -> 8100620.2 | I11: =Entrate_Uscite!W34 -> 12639077 | J11: =I11/I$31*100 -> 0.53798792 | K11: =IF(H11>0,I11/H11*100-100,"-") -> 56.026036 | L11: =Entrate_Uscite!X34 -> 9404816.3 | M11: =IF(I11>0,L11/I11*100,"-") -> 74.410628
A12: 203 Contributi agli investimenti | B12: =Entrate_Uscite!B35 -> 2.8538949e+08 | C12: =Entrate_Uscite!E35 -> 3.0436993e+08 | D12: =Entrate_Uscite!H35 -> 4.135905e+08 | E12: =Entrate_Uscite!K35 -> 2.7014786e+08 | F12: =Entrate_Uscite!N35 -> 4.1279557e+08 | G12: =Entrate_Uscite!Q35 -> 3.2306863e+08 | H12: =Entrate_Uscite!T35 -> 3.7797894e+08 | I12: =Entrate_Uscite!W35 -> 3.7084138e+08 | J12: =I12/I$31*100 -> 15.785028 | K12: =IF(H12>0,I12/H12*100-100,"-") -> -1.8883502 | L12: =Entrate_Uscite!X35 -> 2.6422365e+08 | M12: =IF(I12>0,L12/I12*100,"-") -> 71.249775
A13: 204 Altri trasferimenti in conto capitale | B13: =Entrate_Uscite!B36 -> 60927783 | C13: =Entrate_Uscite!E36 -> 66181516 | D13: =Entrate_Uscite!H36 -> 54800895 | E13: =Entrate_Uscite!K36 -> 43404967 | F13: =Entrate_Uscite!N36 -> 39533564 | G13: =Entrate_Uscite!Q36 -> 27073900 | H13: =Entrate_Uscite!T36 -> 13931892 | I13: =Entrate_Uscite!W36 -> 47022494 | J13: =I13/I$31*100 -> 2.0015334 | K13: =IF(H13>0,I13/H13*100-100,"-") -> 237.51692 | L13: =Entrate_Uscite!X36 -> 25547314 | M13: =IF(I13>0,L13/I13*100,"-") -> 54.329985
A14: 205 Altre spese in conto capitale | B14: =Entrate_Uscite!B37 -> 108167.4 | C14: =Entrate_Uscite!E37 -> 3000000 | D14: =Entrate_Uscite!H37 -> 0 | E14: =Entrate_Uscite!K37 -> 2999.99 | F14: =Entrate_Uscite!N37 -> 25293.53 | G14: =Entrate_Uscite!Q37 -> 0 | H14: =Entrate_Uscite!T37 -> 23347.87 | I14: =Entrate_Uscite!W37 -> 0 | J14: =I14/I$31*100 -> 0 | K14: =IF(H14>0,I14/H14*100-100,"-") -> -100 | L14: =Entrate_Uscite!X37 -> 0 | M14: =IF(I14>0,L14/I14*100,"-") -> -
A15: - Spese in conto capitale | B15: =SUM(B11:B14) -> 3.6714112e+08 | C15: =SUM(C11:C14) -> 4.2250806e+08 | D15: =SUM(D11:D14) -> 4.8740202e+08 | E15: =SUM(E11:E14) -> 3.3361944e+08 | F15: =SUM(F11:F14) -> 4.7910994e+08 | G15: =SUM(G11:G14) -> 3.6212067e+08 | H15: =SUM(H11:H14) -> 4.000348e+08 | I15: =SUM(I11:I14) -> 4.3050295e+08 | J15: =I15/I$31*100 -> 18.32455 | K15: =IF(H15>0,I15/H15*100-100,"-") -> 7.6163733 | L15: =SUM(L11:L14) -> 2.9917578e+08 | M15: =IF(I15>0,L15/I15*100,"-") -> 69.494479
A16: 301 Acquisizioni di attività finanziarie | B16: =Entrate_Uscite!B38 -> 5300000 | C16: =Entrate_Uscite!E38 -> 688458.83 | D16: =Entrate_Uscite!H38 -> 0 | E16: =Entrate_Uscite!K38 -> 34214.11 | F16: =Entrate_Uscite!N38 -> 0 | G16: =Entrate_Uscite!Q38 -> 5000000 | H16: =Entrate_Uscite!T38 -> 0 | I16: =Entrate_Uscite!W38 -> 0 | J16: =I16/I$31*100 -> 0 | K16: =IF(H16>0,I16/H16*100-100,"-") -> - | L16: =Entrate_Uscite!X38 -> 0 | M16: =IF(I16>0,L16/I16*100,"-") -> -
A17: 302 Concessione crediti di breve termine | B17: =Entrate_Uscite!B39 -> 0 | C17: =Entrate_Uscite!E39 -> 0 | D17: =Entrate_Uscite!H39 -> 0 | E17: =Entrate_Uscite!K39 -> 0 | F17: =Entrate_Uscite!N39 -> 0 | G17: =Entrate_Uscite!Q39 -> 0 | H17: =Entrate_Uscite!T39 -> 0 | I17: =Entrate_Uscite!W39 -> 0 | J17: =I17/I$31*100 -> 0 | K17: =IF(H17>0,I17/H17*100-100,"-") -> - | L17: =Entrate_Uscite!X39 -> 0 | M17: =IF(I17>0,L17/I17*100,"-") -> -
A18: 303 Concessione crediti di medio-lungo termine | B18: =Entrate_Uscite!B40 -> 0 | C18: =Entrate_Uscite!E40 -> 0 | D18: =Entrate_Uscite!H40 -> 0 | E18: =Entrate_Uscite!K40 -> 0 | F18: =Entrate_Uscite!N40 -> 0 | G18: =Entrate_Uscite!Q40 -> 0 | H18: =Entrate_Uscite!T40 -> 0 | I18: =Entrate_Uscite!W40 -> 0 | J18: =I18/I$31*100 -> 0 | K18: =IF(H18>0,I18/H18*100-100,"-") -> - | L18: =Entrate_Uscite!X40 -> 0 | M18: =IF(I18>0,L18/I18*100,"-") -> -
A19: 304 Altre spese per incremento di attività finanziarie | B19: =Entrate_Uscite!B41 -> 37699095 | C19: =Entrate_Uscite!E41 -> 18854037 | D19: =Entrate_Uscite!H41 -> 30249929 | E19: =Entrate_Uscite!K41 -> 1.9331286e+08 | F19: =Entrate_Uscite!N41 -> 1.7889151e+08 | G19: =Entrate_Uscite!Q41 -> 76874076 | H19: =Entrate_Uscite!T41 -> 34525947 | I19: =Entrate_Uscite!W41 -> 33566708 | J19: =I19/I$31*100 -> 1.4287819 | K19: =IF(H19>0,I19/H19*100-100,"-") -> -2.7783136 | L19: =Entrate_Uscite!X41 -> 33566708 | M19: =IF(I19>0,L19/I19*100,"-") -> 100
A20: - Spese per incremento attività finanziarie | B20: =SUM(B16:B19) -> 42999095 | C20: =SUM(C16:C19) -> 19542496 | D20: =SUM(D16:D19) -> 30249929 | E20: =SUM(E16:E19) -> 1.9334707e+08 | F20: =SUM(F16:F19) -> 1.7889151e+08 | G20: =SUM(G16:G19) -> 81874076 | H20: =SUM(H16:H19) -> 34525947 | I20: =SUM(I16:I19) -> 33566708 | J20: =I20/I$31*100 -> 1.4287819 | K20: =IF(H20>0,I20/H20*100-100,"-") -> -2.7783136 | L20: =SUM(L16:L19) -> 33566708 | M20: =IF(I20>0,L20/I20*100,"-") -> 100
A21: Uscite finali | B21: =B10+B15+B20 -> 1.8060029e+09 | C21: =C10+C15+C20 -> 1.910758e+09 | D21: =D10+D15+D20 -> 1.9761994e+09 | E21: =E10+E15+E20 -> 2.0277862e+09 | F21: =F10+F15+F20 -> 2.2449464e+09 | G21: =G10+G15+G20 -> 1.9964772e+09 | H21: =H10+H15+H20 -> 2.1436534e+09 | I21: =I10+I15+I20 -> 2.3301426e+09 | J21: =I21/I$31*100 -> 99.183559 | K21: =IF(H21>0,I21/H21*100-100,"-") -> 8.6995968 | L21: =L10+L15+L20 -> 2.0800735e+09 | M21: =IF(I21>0,L21/I21*100,"-") -> 89.268075
A22: 401 Rimborso di titoli obbligazionari | B22: =Entrate_Uscite!B42 -> 1922551 | C22: =Entrate_Uscite!E42 -> 1980975.1 | D22: =Entrate_Uscite!H42 -> 2040637.1 | E22: =Entrate_Uscite!K42 -> 1043465.4 | F22: =Entrate_Uscite!N42 -> 0 | G22: =Entrate_Uscite!Q42 -> 0 | H22: =Entrate_Uscite!T42 -> 0 | I22: =Entrate_Uscite!W42 -> 0 | J22: =I22/I$31*100 -> 0 | K22: =IF(H22>0,I22/H22*100-100,"-") -> - | L22: =Entrate_Uscite!X42 -> 0 | M22: =IF(I22>0,L22/I22*100,"-") -> -
A23: 402 Rimborso prestiti a breve termine | B23: =Entrate_Uscite!B43 -> 0 | C23: =Entrate_Uscite!E43 -> 0 | D23: =Entrate_Uscite!H43 -> 0 | E23: =Entrate_Uscite!K43 -> 0 | F23: =Entrate_Uscite!N43 -> 0 | G23: =Entrate_Uscite!Q43 -> 0 | H23: =Entrate_Uscite!T43 -> 0 | I23: =Entrate_Uscite!W43 -> 0 | J23: =I23/I$31*100 -> 0 | K23: =IF(H23>0,I23/H23*100-100,"-") -> - | L23: =Entrate_Uscite!X43 -> 0 | M23: =IF(I23>0,L23/I23*100,"-") -> -
A24: 403 Rimborso mutui e finanziamenti a medio-lungo termine | B24: =Entrate_Uscite!B44 -> 41010290 | C24: =Entrate_Uscite!E44 -> 43988388 | D24: =Entrate_Uscite!H44 -> 47488941 | E24: =Entrate_Uscite!K44 -> 44365792 | F24: =Entrate_Uscite!N44 -> 14955693 | G24: =Entrate_Uscite!Q44 -> 17392847 | H24: =Entrate_Uscite!T44 -> 20973014 | I24: =Entrate_Uscite!W44 -> 19180844 | J24: =I24/I$31*100 -> 0.81644118 | K24: =IF(H24>0,I24/H24*100-100,"-") -> -8.5451208 | L24: =Entrate_Uscite!X44 -> 19180844 | M24: =IF(I24>0,L24/I24*100,"-") -> 100
A25: 404 Rimborso di altre forme di indebitamento | B25: =Entrate_Uscite!B45 -> 771478.96 | C25: =Entrate_Uscite!E45 -> 897721.32 | D25: =Entrate_Uscite!H45 -> 1042867.4 | E25: =Entrate_Uscite!K45 -> 1199068 | F25: =Entrate_Uscite!N45 -> 0 | G25: =Entrate_Uscite!Q45 -> 0 | H25: =Entrate_Uscite!T45 -> 0 | I25: =Entrate_Uscite!W45 -> 0 | J25: =I25/I$31*100 -> 0 | K25: =IF(H25>0,I25/H25*100-100,"-") -> - | L25: =Entrate_Uscite!X45 -> 0 | M25: =IF(I25>0,L25/I25*100,"-") -> -
A26: 405 Fondi per rimborso prestiti | B26: =Entrate_Uscite!B46 -> 0 | C26: =Entrate_Uscite!E46 -> 0 | D26: =Entrate_Uscite!H46 -> 0 | E26: =Entrate_Uscite!K46 -> 0 | F26: =Entrate_Uscite!N46 -> 0 | G26: =Entrate_Uscite!Q46 -> 0 | H26: =Entrate_Uscite!T46 -> 0 | I26: =Entrate_Uscite!W46 -> 0 | J26: =I26/I$31*100 -> 0 | K26: =IF(H26>0,I26/H26*100-100,"-") -> - | L26: =Entrate_Uscite!X46 -> 0 | M26: =IF(I26>0,L26/I26*100,"-") -> -
A27: - Rimborso prestiti | B27: =SUM(B22:B26) -> 43704320 | C27: =SUM(C22:C26) -> 46867084 | D27: =SUM(D22:D26) -> 50572445 | E27: =SUM(E22:E26) -> 46608326 | F27: =SUM(F22:F26) -> 14955693 | G27: =SUM(G22:G26) -> 17392847 | H27: =SUM(H22:H26) -> 20973014 | I27: =SUM(I22:I26) -> 19180844 | J27: =I27/I$31*100 -> 0.81644118 | K27: =IF(H27>0,I27/H27*100-100,"-") -> -8.5451208 | L27: =SUM(L22:L26) -> 19180844 | M27: =IF(I27>0,L27/I27*100,"-") -> 100
A28: - Chiusura anticipazioni ricevute da tesoriere/cassiere | B28: =Entrate_Uscite!B54 -> 0 | C28: =Entrate_Uscite!E54 -> 0 | D28: =Entrate_Uscite!H54 -> 0 | E28: =Entrate_Uscite!K54 -> 0 | F28: =Entrate_Uscite!N54 -> 0 | G28: =Entrate_Uscite!Q54 -> 0 | H28: =Entrate_Uscite!T54 -> 0 | I28: =Entrate_Uscite!W54 -> 0 | J28: =I28/I$31*100 -> 0 | K28: =IF(H28>0,I28/H28*100-100,"-") -> - | L28: =Entrate_Uscite!X54 -> 0 | M28: =IF(I28>0,L28/I28*100,"-") -> -
A29: - Uscite per conto terzi e partite di giro | B29: =Entrate_Uscite!B55 -> 2.6858056e+08 | C29: =Entrate_Uscite!E55 -> 1.835963e+08 | D29: =Entrate_Uscite!H55 -> 1.6224292e+08 | E29: =Entrate_Uscite!K55 -> 2.3152848e+08 | F29: =Entrate_Uscite!N55 -> 2.2254321e+08 | G29: =Entrate_Uscite!Q55 -> 1.4714554e+08 | H29: =Entrate_Uscite!T55 -> 1.3345756e+08 | I29: =Entrate_Uscite!W55 -> 1.704603e+08 | K29: =IF(H29>0,I29/H29*100-100,"-") -> 27.726225 | L29: =Entrate_Uscite!X55 -> 57021217 | M29: =IF(I29>0,L29/I29*100,"-") -> 33.451318
A30: Totale Uscite | B30: =B10+B15+B20+B27+B28+B29 -> 2.1182878e+09 | C30: =C10+C15+C20+C27+C28+C29 -> 2.1412214e+09 | D30: =D10+D15+D20+D27+D28+D29 -> 2.1890148e+09 | E30: =E10+E15+E20+E27+E28+E29 -> 2.3059231e+09 | F30: =F10+F15+F20+F27+F28+F29 -> 2.4824453e+09 | G30: =G10+G15+G20+G27+G28+G29 -> 2.1610156e+09 | H30: =H10+H15+H20+H27+H28+H29 -> 2.298084e+09 | I30: =I10+I15+I20+I27+I28+I29 -> 2.5197838e+09 | K30: =IF(H30>0,I30/H30*100-100,"-") -> 9.6471573 | L30: =L10+L15+L20+L27+L28+L29 -> 2.1562755e+09 | M30: =IF(I30>0,L30/I30*100,"-") -> 85.573832
A31: Uscite nette | B31: =B30-B29 -> 1.8497072e+09 | C31: =C30-C29 -> 1.9576251e+09 | D31: =D30-D29 -> 2.0267718e+09 | E31: =E30-E29 -> 2.0743946e+09 | F31: =F30-F29 -> 2.2599021e+09 | G31: =G30-G29 -> 2.0138701e+09 | H31: =H30-H29 -> 2.1646265e+09 | I31: =I30-I29 -> 2.3493235e+09 | J31: =I31/I$31*100 -> 100 | K31: =IF(H31>0,I31/H31*100-100,"-") -> 8.5325131 | L31: =L30-L29 -> 2.0992543e+09 | M31: =IF(I31>0,L31/I31*100,"-") -> 89.355695

Sheet Tav_Saldi
B1: 2016 | C1: 2017 | D1: 2018 | E1: 2019 | F1: 2020 | G1: 2021 | H1: 2022 | I1: 2023 | J1: Diff. | K1: Risc. - Pag.
A2: Saldo corrente | B2: =Entrate_Uscite!B59 -> 1.6480825e+08 | C2: =Entrate_Uscite!E59 -> 94138726 | D2: =Entrate_Uscite!H59 -> 1.1663997e+08 | E2: =Entrate_Uscite!K59 -> 1.3628804e+08 | F2: =Entrate_Uscite!N59 -> 1.679243e+08 | G2: =Entrate_Uscite!Q59 -> 1.5335608e+08 | H2: =Entrate_Uscite!T59 -> 2.3327429e+08 | I2: =Entrate_Uscite!W59 -> 1.9036059e+08 | J2: =I2-H2 -> -42913701 | K2: =Entrate_Uscite!X59 -> 45545628
A3: Saldo in conto capitale | B3: =Entrate_Uscite!B60 -> -1.3426271e+08 | C3: =Entrate_Uscite!E60 -> -1.0545695e+08 | D3: =Entrate_Uscite!H60 -> 3586730.4 | E3: =Entrate_Uscite!K60 -> 59125816 | F3: =Entrate_Uscite!N60 -> -1.8839975e+08 | G3: =Entrate_Uscite!Q60 -> -72442912 | H3: =Entrate_Uscite!T60 -> -72225825 | I3: =Entrate_Uscite!W60 -> -1.0757682e+08 | J3: =I3-H3 -> -35350996 | K3: =Entrate_Uscite!X60 -> -2.2523392e+08
A4: Saldo riduzione/incremento attività finanziarie | B4: =Entrate_Uscite!B16-Entrate_Uscite!B52 -> -5300000 | C4: =Entrate_Uscite!E16-Entrate_Uscite!E52 -> -688458.83 | D4: =Entrate_Uscite!H16-Entrate_Uscite!H52 -> 0 | E4: =Entrate_Uscite!K16-Entrate_Uscite!K52 -> -34214.11 | F4: =Entrate_Uscite!N16-Entrate_Uscite!N52 -> 0 | G4: =Entrate_Uscite!Q16-Entrate_Uscite!Q52 -> -5000000 | H4: =Entrate_Uscite!T16-Entrate_Uscite!T52 -> 0 | I4: =Entrate_Uscite!W16-Entrate_Uscite!W52 -> 0 | J4: =I4-H4 -> 0 | K4: =Entrate_Uscite!X16-Entrate_Uscite!X52 -> -33566658
A5: Saldo finale | B5: =SUM(Entrate_Uscite!B14:B16)-SUM(Entrate_Uscite!B50:B52) -> 25245545 | C5: =SUM(Entrate_Uscite!E14:E16)-SUM(Entrate_Uscite!E50:E52) -> -12006682 | D5: =SUM(Entrate_Uscite!H14:H16)-SUM(Entrate_Uscite!H50:H52) -> 1.202267e+08 | E5: =SUM(Entrate_Uscite!K14:K16)-SUM(Entrate_Uscite!K50:K52) -> 1.9537964e+08 | F5: =SUM(Entrate_Uscite!N14:N16)-SUM(Entrate_Uscite!N50:N52) -> -20475445 | G5: =SUM(Entrate_Uscite!Q14:Q16)-SUM(Entrate_Uscite!Q50:Q52) -> 75913164 | H5: =SUM(Entrate_Uscite!T14:T16)-SUM(Entrate_Uscite!T50:T52) -> 1.6104846e+08 | I5: =SUM(Entrate_Uscite!W14:W16)-SUM(Entrate_Uscite!W50:W52) -> 82783764 | J5: =I5-H5 -> -78264698 | K5: =SUM(Entrate_Uscite!X14:X16)-SUM(Entrate_Uscite!X50:X52) -> -2.1325495e+08
A6: Saldo netto | B6: =Entrate_Uscite!B58 -> -18458775 | C6: =Entrate_Uscite!E58 -> -24457737 | D6: =Entrate_Uscite!H58 -> 86470625 | E6: =Entrate_Uscite!K58 -> 1.4877131e+08 | F6: =Entrate_Uscite!N58 -> -35431138 | G6: =Entrate_Uscite!Q58 -> 58520317 | H6: =Entrate_Uscite!T58 -> 1.4007545e+08 | I6: =Entrate_Uscite!W58 -> 63602920 | J6: =I6-H6 -> -76472528 | K6: =Entrate_Uscite!X58 -> -2.3243579e+08

Sheet Risultato_amministrazione
B1: 2014 | C1: 2015 | D1: 2016 | E1: 2017 | F1: 2018 | G1: 2019 | H1: 2020 | I1: 2021 | J1: 2022 | K1: 2023
A2: Saldo di cassa | B2: 4.8561712e+08 | C2: 2.3221535e+08 | D2: 66965946 | E2: 3.0917465e+08 | F2: 1.7120316e+08 | G2: 1.6699659e+08 | H2: 1.55435e+08 | I2: 4.0831141e+08 | J2: 4.6812878e+08 | K2: 4.5425041e+08
A3: Residui attivi | B3: 1.2173831e+09 | C3: 1.216052e+09 | D3: 1.1835015e+09 | E3: 9.8889955e+08 | F3: 1.3252424e+09 | G3: 1.644419e+09 | H3: 1.6630588e+09 | I3: 1.3827079e+09 | J3: 1.4989799e+09 | K3: 1.67889e+09
A4: Residui passivi | B4: 7.518454e+08 | C4: 5.8255089e+08 | D4: 4.4368529e+08 | E4: 5.5697135e+08 | F4: 6.7179508e+08 | G4: 8.5593602e+08 | H4: 8.944391e+08 | I4: 8.0061185e+08 | J4: 8.3160712e+08 | K4: 9.3177818e+08
A5: FPV per spese correnti | B5: 12275836 | C5: 18914434 | D5: 9123311.9 | E5: 14262161 | F5: 22090723 | G5: 45088154 | H5: 48320031 | I5: 62079163 | J5: 76754356 | K5: 84075998
A6: FPV per spese in conto capitale (*) | B6: 2.9327673e+08 | C6: 2.7265609e+08 | D6: 1.8170881e+08 | E6: 1.9722071e+08 | F6: 2.3802266e+08 | G6: 2.7235987e+08 | H6: 2.8110379e+08 | I6: 3.7371401e+08 | J6: 3.8465463e+08 | K6: 4.7341985e+08
A7: Risultato di amministrazione (A) | B7: =B2+B3-B4-B5-B6 -> 6.4560225e+08 | C7: =C2+C3-C4-C5-C6 -> 5.7414597e+08 | D7: =D2+D3-D4-D5-D6 -> 6.1595004e+08 | E7: =E2+E3-E4-E5-E6 -> 5.2961998e+08 | F7: =F2+F3-F4-F5-F6 -> 5.6453704e+08 | G7: =G2+G3-G4-G5-G6 -> 6.3803156e+08 | H7: =H2+H3-H4-H5-H6 -> 5.9463088e+08 | I7: =I2+I3-I4-I5-I6 -> 5.5461432e+08 | ... K7: =K2+K3-K4-K5-K6 -> 6.4386637e+08
A8: Fondo crediti di dubbia esigibilità | B8: 5760000 | C8: 23900000 | D8: 26567130 | E8: 32463765 | F8: 27550550 | G8: 30809548 | H8: 30700301 | I8: 33038139 | J8: 39165301 | K8: 45431818
A9: Fondo a copertura residui perenti | B9: 71439603 | C9: 58493931 | D9: 38461621 | E9: 31657373 | F9: 24843700 | G9: 20467999 | H9: 16819099 | I9: 14113921 | J9: 12511875 | K9: 11690607
A10: Fondo anticipazioni liquidità DL35/2013 | B10: 0 | C10: 0 | D10: 0 | E10: 0 | F10: 0 | G10: 0 | H10: 0 | I10: 0 | J10: 0 | K10: 0
A11: Fondo perdite società partecipate | B11: 0 | C11: 0 | D11: 2051500 | E11: 2683999.8 | F11: 3217597.6 | G11: 2321010.2 | H11: 2324073.9 | I11: 2014711.7 | J11: 2061837.8 | K11: 2061837.8
A12: Fondo contenzioso | B12: 0 | C12: 0 | D12: 3154207.4 | E12: 12886969 | F12: 13046969 | G12: 22069472 | H12: 21986472 | I12: 24986472 | J12: 26815421 | K12: 21160065
A13: Altri accantonamenti | B13: 22053408 | C13: 17496755 | D13: 18541287 | E13: 2657447 | F13: 16245107 | G13: 19816065 | H13: 6990795.5 | I13: 10089774 | J13: 14918448 | K13: 56527032
A14: Parte accantonata (B) | B14: =SUM(B8:B13) -> 99253011 | C14: =SUM(C8:C13) -> 99890686 | D14: =SUM(D8:D13) -> 88775745 | E14: =SUM(E8:E13) -> 82349555 | F14: =SUM(F8:F13) -> 84903925 | G14: =SUM(G8:G13) -> 95484095 | H14: =SUM(H8:H13) -> 78820742 | I14: =SUM(I8:I13) -> 84243019 | ... K14: =SUM(K8:K13) -> 1.3687136e+08
A15: Vincoli da leggi e principi contabili | B15: 3.7820052e+08 | C15: 0 | D15: 5000000 | E15: 17649685 | F15: 39260956 | G15: 37892363 | H15: 53509473 | I15: 44367100 | J15: 74424033 | K15: 61319057
A16: Vincoli da trasferimenti | B16: 0 | C16: 3.6579979e+08 | D16: 5.1468666e+08 | E16: 4.4943343e+08 | F16: 4.6616985e+08 | G16: 5.3930338e+08 | H16: 4.4569673e+08 | I16: 4.360042e+08 | J16: 4.1563506e+08 | K16: 3.8475355e+08
A17: Vincoli da contrazione di mutui | B17: 1.0770937e+08 | C17: 68245127 | D17: 0 | E17: 0 | F17: 0 | G17: 0 | H17: 0 | I17: 0 | J17: 0 | K17: 0
A18: Vincoli attribuiti dall'ente | B18: 88185606 | C18: 40210359 | D18: 54985127 | E18: 24474672 | F18: 15960801 | G18: 34474172 | H18: 72569290 | I18: 47198081 | J18: 98864933 | K18: 61366547
A19: Altri vincoli | B19: 0 | C19: 0 | D19: 0 | E19: 0 | F19: 0 | G19: 0 | H19: 0 | I19: 0 | J19: 0 | K19: 0
A20: Parte vincolata (C) | B20: =SUM(B15:B19) -> 5.740955e+08 | C20: =SUM(C15:C19) -> 4.7425528e+08 | D20: =SUM(D15:D19) -> 5.7467178e+08 | E20: =SUM(E15:E19) -> 4.9155778e+08 | F20: =SUM(F15:F19) -> 5.2139161e+08 | G20: =SUM(G15:G19) -> 6.1166991e+08 | H20: =SUM(H15:H19) -> 5.717755e+08 | I20: =SUM(I15:I19) -> 5.2756938e+08 | ... K20: =SUM(K15:K19) -> 5.0743915e+08
A21: Parte destinata a investimenti (D) | B21: 0 | C21: 0 | D21: 0 | E21: 0 | F21: 0 | G21: 0 | H21: 0 | I21: 0 | J21: 0 | K21: 0
A22: Parte disponibile (E=A-B-C-D) | B22: =B7-B14-B20-B21 -> -27746263 | C22: =C7-C14-C20-C21 -> -1.1920929e-07 | D22: =D7-D14-D20-D21 -> -47497484 | E22: =E7-E14-E20-E21 -> -44287358 | F22: =F7-F14-F20-F21 -> -41758492 | G22: =G7-G14-G20-G21 -> -69122449 | H22: =H7-H14-H20-H21 -> -55965363 | I22: =I7-I14-I20-I21 -> -57198083 | ... K22: =K7-K14-K20-K21 -> -444136.6
A23: Riaccertamento residui attivi | B23: -1.4459267e+08 | C23: -33262826 | D23: -67549926 | E23: -48417436 | F23: -10055642 | G23: -35062783 | H23: -9842014.2 | I23: -21723481 | J23: -30171611 | K23: -8472647.7
A24: Rapporto Fcde/Residui attivi (scala dx) | B24: =B8/B3*100 -> 0.47314605 | C24: =C8/C3*100 -> 1.9653764 | D24: =D8/D3*100 -> 2.2447905 | E24: =E8/E3*100 -> 3.2828173 | F24: =F8/F3*100 -> 2.0789065 | G24: =G8/G3*100 -> 1.8735826 | H24: =H8/H3*100 -> 1.8460142 | I24: =I8/I3*100 -> 2.3893794 | ... K24: =K8/K3*100 -> 2.7060628
A25: (*) include FPV per incremento attività finanziarie
A56: Altri accantonamenti | B56: =SUM(B11:B13) -> 22053408 | C56: =SUM(C11:C13) -> 17496755 | D56: =SUM(D11:D13) -> 23746995 | E56: =SUM(E11:E13) -> 18228416 | F56: =SUM(F11:F13) -> 32509675 | G56: =SUM(G11:G13) -> 44206548 | H56: =SUM(H11:H13) -> 31301342 | I56: =SUM(I11:I13) -> 37090958 | ... K56: =SUM(K11:K13) -> 79748935

Sheet Conto_economico
C1: 2014 | D1: 2015 | E1: 2016 | F1: 2017 | G1: 2018 | H1: 2019 | I1: 2020 | J1: 2021 | K1: 2022 | L1: 2023 | M1: Diff.
A2: Proventi da tributi | B2: (+) | C2: 1.3563655e+09 | D2: 1.3516336e+09 | E2: 1.3665998e+09 | F2: 1.3627106e+09 | G2: 1.2912398e+09 | H2: 1.3502999e+09 | I2: 1.424174e+09 | J2: 1.4086179e+09 | K2: 1.5135391e+09 | L2: 1.5651194e+09 | M2: =L2-K2 -> 51580325
A3: Proventi da fondi perequativi | B3: (+) | C3: 7129276 | D3: 4248293 | E3: 6508097.4 | F3: 12087303 | G3: 5536944 | H3: 39352762 | I3: 28046353 | J3: 6596512.8 | K3: 1317650.2 | L3: 5984542 | M3: =L3-K3 -> 4666891.8
A4: Proventi da trasferimenti e contributi | B4: (+) | C4: 2.4049036e+08 | D4: 3.9323894e+08 | E4: 3.1212586e+08 | F4: 3.9285005e+08 | G4: 6.3807395e+08 | H4: 5.2650878e+08 | I4: 5.1265495e+08 | J4: 4.7855543e+08 | K4: 6.7776517e+08 | L4: 7.2190999e+08 | M4: =L4-K4 -> 44144821
A5: Ricavi delle vendite e prestazioni e proventi da servizi pubblici | B5: (+) | C5: 26038456 | D5: 20380744 | E5: 18251999 | F5: 22114952 | G5: 24934953 | H5: 27220539 | I5: 20547335 | J5: 22987975 | K5: 23437966 | L5: 20361644 | M5: =L5-K5 -> -3076321.4
A6: Variazioni nelle rimanenze di prodotti in corso di lavorazione, etc. (+/-) | B6: (+) | C6: 0 | D6: 0 | E6: 0 | F6: 0 | G6: 0 | H6: 0 | I6: 0 | J6: 0 | K6: 0 | L6: 0 | M6: =L6-K6 -> 0
A7: Variazione dei lavori in corso su ordinazione | B7: (+) | C7: 0 | D7: 0 | E7: 0 | F7: 0 | G7: 0 | H7: 0 | I7: 0 | J7: 0 | K7: 0 | L7: 0 | M7: =L7-K7 -> 0
A8: Incrementi di immobilizzazioni per lavori interni | B8: (+) | C8: 0 | D8: 0 | E8: 0 | F8: 0 | G8: 0 | H8: 0 | I8: 0 | J8: 0 | K8: 0 | L8: 0 | M8: =L8-K8 -> 0
A9: Altri ricavi e proventi diversi | B9: (+) | C9: 14184523 | D9: 10681873 | E9: 23409271 | F9: 18044026 | G9: 29884239 | H9: 24970551 | I9: 16583010 | J9: 7708439.8 | K9: 4039576.2 | L9: 18696035 | M9: =L9-K9 -> 14656459
A10: COMPONENTI POSITIVI DELLA GESTIONE | B10: (+) | C10: =SUM(C2:C9) -> 1.6442081e+09 | D10: =SUM(D2:D9) -> 1.7801834e+09 | E10: =SUM(E2:E9) -> 1.726895e+09 | F10: =SUM(F2:F9) -> 1.807807e+09 | G10: =SUM(G2:G9) -> 1.9896699e+09 | H10: =SUM(H2:H9) -> 1.9683525e+09 | I10: =SUM(I2:I9) -> 2.0020057e+09 | J10: =SUM(J2:J9) -> 1.9244663e+09 | ... L10: =SUM(L2:L9) -> 2.3320716e+09 | M10: =L10-K10 -> 1.1197218e+08
A11: Acquisto di materie prime e/o beni di consumo | B11: (-) | C11: 539177.24 | D11: 1540935.4 | E11: 1135796.4 | F11: 594511.51 | G11: 513255.63 | H11: 627867.59 | I11: 801007.9 | J11: 274591.71 | K11: 329798.88 | L11: 461106 | M11: =L11-K11 -> 131307.12
A12: Prestazioni di servizi | B12: (-) | C12: 50327755 | D12: 91466336 | E12: 63563453 | F12: 74941415 | G12: 1.0163408e+08 | H12: 1.0464698e+08 | I12: 59241106 | J12: 83619982 | K12: 1.12867e+08 | L12: 1.2637051e+08 | M12: =L12-K12 -> 13503511
A13: Utilizzo beni di terzi | B13: (-) | C13: 587104.53 | D13: 1036122.9 | E13: 626019.03 | F13: 566694.74 | G13: 572817.7 | H13: 596588.12 | I13: 134473.69 | J13: 575566.82 | K13: 619559.8 | L13: 400729.17 | M13: =L13-K13 -> -218830.63
A14: Trasferimenti e contributi | B14: (-) | C14: 1.295619e+09 | D14: 1.6128501e+09 | E14: 1.5171024e+09 | F14: 1.6370391e+09 | G14: 1.7318266e+09 | H14: 1.6882423e+09 | I14: 1.8210544e+09 | J14: 1.7048788e+09 | K14: 1.8900588e+09 | L14: 2.0081482e+09 | M14: =L14-K14 -> 1.1808941e+08
A15: Personale | B15: (-) | C15: 53790894 | D15: 53954863 | E15: 57358158 | F15: 61951571 | G15: 66441807 | H15: 66488560 | I15: 60124734 | J15: 50580365 | K15: 50855372 | L15: 50253182 | M15: =L15-K15 -> -602190.57
A16: Ammortamenti e svalutazioni | B16: (-) | C16: 11489083 | D16: 12156424 | E16: 5475954.5 | F16: 5900406.7 | G16: 5942534.3 | H16: 5907137.4 | I16: 6407551.7 | J16: 6993347.2 | K16: 7694778.7 | L16: 8939078.3 | M16: =L16-K16 -> 1244299.6
A17: Variazioni nelle rimanenze di materie prime e/o beni di consumo (+/-) | B17: (-) | C17: 0 | D17: 0 | E17: 0 | F17: 0 | G17: 0 | H17: 0 | I17: 0 | J17: 0 | K17: 0 | L17: 0 | M17: =L17-K17 -> 0
A18: Accantonamenti per rischi | B18: (-) | C18: 0 | D18: 0 | E18: 2051500 | F18: 632499.76 | G18: 0 | H18: 2570958 | I18: 0 | J18: 11098979 | K18: 8305758.6 | L18: 53807858 | M18: =L18-K18 -> 45502099
A19: Altri accantonamenti | B19: (-) | C19: 0 | D19: 0 | E19: 45118437 | F19: 20329489 | G19: 24632405 | H19: 22120568 | I19: 16963879 | J19: 0 | K19: 0 | L19: 3089355.5 | M19: =L19-K19 -> 3089355.5
A20: Oneri diversi di gestione | B20: (-) | C20: 2123661.9 | D20: 3273169.7 | E20: 1104062.9 | F20: 1831314.7 | G20: 1943515.1 | H20: 4983044.1 | I20: 30931291 | J20: 8789802.7 | K20: 3331706.2 | L20: 17878145 | M20: =L20-K20 -> 14546438
A21: COMPONENTI NEGATIVI DELLA GESTIONE | B21: (-) | C21: =SUM(C11:C20) -> 1.4144767e+09 | D21: =SUM(D11:D20) -> 1.7762779e+09 | E21: =SUM(E11:E20) -> 1.6935358e+09 | F21: =SUM(F11:F20) -> 1.803787e+09 | G21: =SUM(G11:G20) -> 1.933507e+09 | H21: =SUM(H11:H20) -> 1.896184e+09 | I21: =SUM(I11:I20) -> 1.9956584e+09 | J21: =SUM(J11:J20) -> 1.8668115e+09 | ... L21: =SUM(L11:L20) -> 2.2693482e+09 | M21: =L21-K21 -> 1.952854e+08
A22: Proventi finanziari | B22: (+) | C22: 58422.9 | D22: 22325.85 | E22: 110559.58 | F22: 7409.35 | G22: 6905.64 | H22: 107820.79 | I22: 4389.65 | J22: 1875.99 | K22: 2705.59 | L22: 690208.35 | M22: =L22-K22 -> 687502.76
A23: Oneri finanziari | B23: (-) | C23: 9882108.5 | D23: 8401279.6 | E23: 7260057.8 | F23: 6235613.7 | G23: 7320424.3 | H23: 5765523.7 | I23: 6225752.9 | J23: 5996977 | K23: 6457027.2 | L23: 7413198.2 | M23: =L23-K23 -> 956171.04
A24: Rettifiche di valore | B24: (+) | C24: 0 | D24: 0 | E24: -1065896.9 | F24: 0 | G24: -2752131.3 | H24: -111233.64 | I24: -2487063.4 | J24: -57964.79 | K24: -5168.07 | L24: 0 | M24: =L24-K24 -> 5168.07
A25: Proventi straordinari | B25: (+) | C25: 1.2213204e+08 | D25: 92746140 | E25: 85738222 | F25: 98320037 | G25: 83561617 | H25: 78777540 | I25: 59673832 | J25: 1.0115882e+08 | K25: 81862615 | L25: 56368686 | M25: =L25-K25 -> -25493930
A26: Oneri straordinari | B26: (-) | C26: 3.084908e+08 | D26: 1.1736847e+08 | E26: 1.4293798e+08 | F26: 1.7001027e+08 | G26: 1.0237362e+08 | H26: 1.0254751e+08 | I26: 48005781 | J26: 48337639 | K26: 45400027 | L26: 57570108 | M26: =L26-K26 -> 12170081
A27: Imposte | B27: (-) | C27: 3902444.1 | D27: 4036777.5 | E27: 3767000.3 | F27: 4080647.7 | G27: 4530893.5 | H27: 4375257 | I27: 4069276.4 | J27: 3373105.8 | K27: 3438759.2 | L27: 3389827 | M27: =L27-K27 -> -48932.17
A28: Risultato dell'esercizio | B28: (=) | C28: =C10-C21+C22-C23+C24+C25-C26-C27 -> 29646519 | D28: =D10-D21+D22-D23+D24+D25-D26-D27 -> -33132581 | E28: =E10-E21+E22-E23+E24+E25-E26-E27 -> -35822961 | F28: =F10-F21+F22-F23+F24+F25-F26-F27 -> -77979092 | G28: =G10-G21+G22-G23+G24+G25-G26-G27 -> 22754419 | H28: =H10-H21+H22-H23+H24+H25-H26-H27 -> 38254302 | I28: =I10-I21+I22-I23+I24+I25-I26-I27 -> 5237581.8 | J28: =J10-J21+J22-J23+J24+J25-J26-J27 -> 1.0104979e+08 | ... L28: =L10-L21+L22-L23+L24+L25-L26-L27 -> 51409225 | M28: =L28-K28 -> -1.2119181e+08
A29: Margine operativo lordo | C29: =C10-SUM(C11:C15)+C17 -> 2.4334416e+08 | D29: =D10-SUM(D11:D15)+D17 -> 19335070 | E29: =E10-SUM(E11:E15)+E17 -> 87109148 | F29: =F10-SUM(F11:F15)+F17 -> 32713705 | G29: =G10-SUM(G11:G15)+G17 -> 88681416 | H29: =H10-SUM(H11:H15)+H17 -> 1.0775018e+08 | I29: =I10-SUM(I11:I15)+I17 -> 60649955 | J29: =J10-SUM(J11:J15)+J17 -> 84536915 | ... L29: =L10-SUM(L11:L15)+L17 -> 1.464379e+08 | M29: =L29-K29 -> -18931036

Sheet Tav_contoeconomico
B1: 2014 | C1: 2015 | D1: 2016 | E1: 2017 | F1: 2018 | G1: 2019 | H1: 2020 | I1: 2021 | J1: 2022 | K1: 2023 | L1: Diff.
A2: Ricavi e proventi | B2: =Conto_economico!C10 -> 1.6442081e+09 | C2: =Conto_economico!D10 -> 1.7801834e+09 | D2: =Conto_economico!E10 -> 1.726895e+09 | E2: =Conto_economico!F10 -> 1.807807e+09 | F2: =Conto_economico!G10 -> 1.9896699e+09 | G2: =Conto_economico!H10 -> 1.9683525e+09 | H2: =Conto_economico!I10 -> 2.0020057e+09 | I2: =Conto_economico!J10 -> 1.9244663e+09 | ... K2: =Conto_economico!L10 -> 2.3320716e+09 | L2: =K2-J2 -> 1.1197218e+08
A3: -- di cui proventi da tributi | B3: =Conto_economico!C2 -> 1.3563655e+09 | C3: =Conto_economico!D2 -> 1.3516336e+09 | D3: =Conto_economico!E2 -> 1.3665998e+09 | E3: =Conto_economico!F2 -> 1.3627106e+09 | F3: =Conto_economico!G2 -> 1.2912398e+09 | G3: =Conto_economico!H2 -> 1.3502999e+09 | H3: =Conto_economico!I2 -> 1.424174e+09 | I3: =Conto_economico!J2 -> 1.4086179e+09 | ... K3: =Conto_economico!L2 -> 1.5651194e+09 | L3: =K3-J3 -> 51580325
A4: -- di cui proventi da trasferimenti | B4: =Conto_economico!C4 -> 2.4049036e+08 | C4: =Conto_economico!D4 -> 3.9323894e+08 | D4: =Conto_economico!E4 -> 3.1212586e+08 | E4: =Conto_economico!F4 -> 3.9285005e+08 | F4: =Conto_economico!G4 -> 6.3807395e+08 | G4: =Conto_economico!H4 -> 5.2650878e+08 | H4: =Conto_economico!I4 -> 5.1265495e+08 | I4: =Conto_economico!J4 -> 4.7855543e+08 | ... K4: =Conto_economico!L4 -> 7.2190999e+08 | L4: =K4-J4 -> 44144821
A5: Costi | B5: =Conto_economico!C21 -> 1.4144767e+09 | C5: =Conto_economico!D21 -> 1.7762779e+09 | D5: =Conto_economico!E21 -> 1.6935358e+09 | E5: =Conto_economico!F21 -> 1.803787e+09 | F5: =Conto_economico!G21 -> 1.933507e+09 | G5: =Conto_economico!H21 -> 1.896184e+09 | H5: =Conto_economico!I21 -> 1.9956584e+09 | I5: =Conto_economico!J21 -> 1.8668115e+09 | ... K5: =Conto_economico!L21 -> 2.2693482e+09 | L5: =K5-J5 -> 1.952854e+08
A6: -- di cui prestazioni di servizi | B6: =Conto_economico!C12 -> 50327755 | C6: =Conto_economico!D12 -> 91466336 | D6: =Conto_economico!E12 -> 63563453 | E6: =Conto_economico!F12 -> 74941415 | F6: =Conto_economico!G12 -> 1.0163408e+08 | G6: =Conto_economico!H12 -> 1.0464698e+08 | H6: =Conto_economico!I12 -> 59241106 | I6: =Conto_economico!J12 -> 83619982 | ... K6: =Conto_economico!L12 -> 1.2637051e+08 | L6: =K6-J6 -> 13503511
A7: -- di cui personale | B7: =Conto_economico!C15 -> 53790894 | C7: =Conto_economico!D15 -> 53954863 | D7: =Conto_economico!E15 -> 57358158 | E7: =Conto_economico!F15 -> 61951571 | F7: =Conto_economico!G15 -> 66441807 | G7: =Conto_economico!H15 -> 66488560 | H7: =Conto_economico!I15 -> 60124734 | I7: =Conto_economico!J15 -> 50580365 | ... K7: =Conto_economico!L15 -> 50253182 | L7: =K7-J7 -> -602190.57
A8: -- di cui ammortamenti e svalutazioni | B8: =Conto_economico!C16 -> 11489083 | C8: =Conto_economico!D16 -> 12156424 | D8: =Conto_economico!E16 -> 5475954.5 | E8: =Conto_economico!F16 -> 5900406.7 | F8: =Conto_economico!G16 -> 5942534.3 | G8: =Conto_economico!H16 -> 5907137.4 | H8: =Conto_economico!I16 -> 6407551.7 | I8: =Conto_economico!J16 -> 6993347.2 | ... K8: =Conto_economico!L16 -> 8939078.3 | L8: =K8-J8 -> 1244299.6
A9: Margine operativo lordo | B9: =Conto_economico!C$29 -> 2.4334416e+08 | C9: =Conto_economico!D$29 -> 19335070 | D9: =Conto_economico!E$29 -> 87109148 | E9: =Conto_economico!F$29 -> 32713705 | F9: =Conto_economico!G$29 -> 88681416 | G9: =Conto_economico!H$29 -> 1.0775018e+08 | H9: =Conto_economico!I$29 -> 60649955 | I9: =Conto_economico!J$29 -> 84536915 | ... K9: =Conto_economico!L$29 -> 1.464379e+08 | L9: =K9-J9 -> -18931036
A10: Saldo della gestione | B10: =B2-B5 -> 2.2973141e+08 | C10: =C2-C5 -> 3905477 | D10: =D2-D5 -> 33359194 | E10: =E2-E5 -> 4019994.8 | F10: =F2-F5 -> 56162962 | G10: =G2-G5 -> 72168468 | H10: =H2-H5 -> 6347233.4 | I10: =I2-I5 -> 57654787 | ... K10: =K2-K5 -> 62723464 | L10: =K10-J10 -> -83313229
A11: (Proventi - Oneri) finanziari | B11: =Conto_economico!C22-Conto_economico!C23 -> -9823685.6 | C11: =Conto_economico!D22-Conto_economico!D23 -> -8378953.7 | D11: =Conto_economico!E22-Conto_economico!E23 -> -7149498.2 | E11: =Conto_economico!F22-Conto_economico!F23 -> -6228204.4 | F11: =Conto_economico!G22-Conto_economico!G23 -> -7313518.7 | G11: =Conto_economico!H22-Conto_economico!H23 -> -5657702.9 | H11: =Conto_economico!I22-Conto_economico!I23 -> -6221363.2 | I11: =Conto_economico!J22-Conto_economico!J23 -> -5995101 | ... K11: =Conto_economico!L22-Conto_economico!L23 -> -6722989.9 | L11: =K11-J11 -> -268668.28
A12: (Proventi- Oneri) straordinari | B12: =Conto_economico!C25-Conto_economico!C26 -> -1.8635876e+08 | C12: =Conto_economico!D25-Conto_economico!D26 -> -24622327 | D12: =Conto_economico!E25-Conto_economico!E26 -> -57199760 | E12: =Conto_economico!F25-Conto_economico!F26 -> -71690235 | F12: =Conto_economico!G25-Conto_economico!G26 -> -18811999 | G12: =Conto_economico!H25-Conto_economico!H26 -> -23769972 | H12: =Conto_economico!I25-Conto_economico!I26 -> 11668051 | I12: =Conto_economico!J25-Conto_economico!J26 -> 52821177 | ... K12: =Conto_economico!L25-Conto_economico!L26 -> -1201422.3 | L12: =K12-J12 -> -37664010
A13: Rettifiche di valore | B13: =Conto_economico!C24 -> 0 | C13: =Conto_economico!D24 -> 0 | D13: =Conto_economico!E24 -> -1065896.9 | E13: =Conto_economico!F24 -> 0 | F13: =Conto_economico!G24 -> -2752131.3 | G13: =Conto_economico!H24 -> -111233.64 | H13: =Conto_economico!I24 -> -2487063.4 | I13: =Conto_economico!J24 -> -57964.79 | ... K13: =Conto_economico!L24 -> 0 | L13: =K13-J13 -> 5168.07
A14: Saldo prima delle imposte | B14: =SUM(B10:B13) -> 33548963 | C14: =SUM(C10:C13) -> -29095804 | D14: =SUM(D10:D13) -> -32055961 | E14: =SUM(E10:E13) -> -73898444 | F14: =SUM(F10:F13) -> 27285313 | G14: =SUM(G10:G13) -> 42629559 | H14: =SUM(H10:H13) -> 9306858.2 | I14: =SUM(I10:I13) -> 1.044229e+08 | ... K14: =SUM(K10:K13) -> 54799052 | L14: =K14-J14 -> -1.2124074e+08
A15: Imposte | B15: =Conto_economico!C27 -> 3902444.1 | C15: =Conto_economico!D27 -> 4036777.5 | D15: =Conto_economico!E27 -> 3767000.3 | E15: =Conto_economico!F27 -> 4080647.7 | F15: =Conto_economico!G27 -> 4530893.5 | G15: =Conto_economico!H27 -> 4375257 | H15: =Conto_economico!I27 -> 4069276.4 | I15: =Conto_economico!J27 -> 3373105.8 | ... K15: =Conto_economico!L27 -> 3389827 | L15: =K15-J15 -> -48932.17
A16: Risultato dell'esercizio | B16: =B14-B15 -> 29646519 | C16: =C14-C15 -> -33132581 | D16: =D14-D15 -> -35822961 | E16: =E14-E15 -> -77979092 | F16: =F14-F15 -> 22754419 | G16: =G14-G15 -> 38254302 | H16: =H14-H15 -> 5237581.8 | I16: =I14-I15 -> 1.0104979e+08 | ... K16: =K14-K15 -> 51409225 | L16: =K16-J16 -> -1.2119181e+08

Sheet Stato_patrimoniale
B1: 2014 | C1: 2015 | D1: 2016 | E1: 2017 | F1: 2018 | G1: 2019 | H1: 2020 | I1: 2021 | J1: 2022 | K1: 2023
A2: Crediti verso lo Stato e altre AP per Fondo dotazione (A) | B2: 0 | C2: 0 | D2: 0 | E2: 0 | F2: 0 | G2: 0 | H2: 0 | I2: 0 | J2: 0 | K2: 0
A3: Immobilizzazioni immateriali (B1) | B3: 5.8819076e+08 | C3: 6.1737228e+08 | D3: 1782411.1 | E3: 3023703.2 | F3: 3239214.9 | G3: 3409484.2 | H3: 4488123.5 | I3: 6360739.7 | J3: 8128264.2 | K3: 8978540.6
A4: Immobilizzazioni materiali (B2) | B4: 1.9973191e+08 | C4: 2.6375648e+08 | D4: 2.1146087e+08 | E4: 2.0607363e+08 | F4: 2.0449246e+08 | G4: 1.982133e+08 | H4: 1.9231992e+08 | I4: 1.8923604e+08 | J4: 1.8566473e+08 | K4: 1.7962168e+08
A5: Immobilizzazioni finanziarie - partecipazioni (B3.1) | B5: 16791555 | C5: 17591555 | D5: 21844117 | E5: 21844117 | F5: 17408997 | G5: 19660194 | H5: 17282489 | I5: 24989218 | J5: 31931181 | K5: 32416566
A6: Immobilizzazioni finanziarie - crediti (B3.2) | B6: 0 | C6: 0 | D6: 0 | E6: 0 | F6: 0 | G6: 0 | H6: 0 | I6: 0 | J6: 0 | K6: 0
A7: Immobilizzazioni finanziarie - altri titoli (B3.3) | B7: 0 | C7: 0 | D7: 0 | E7: 0 | F7: 0 | G7: 0 | H7: 0 | I7: 0 | J7: 0 | K7: 0
A8: Rimanenze (C1) | B8: 0 | C8: 0 | D8: 0 | E8: 0 | F8: 0 | G8: 0 | H8: 0 | I8: 0 | J8: 0 | K8: 0
A9: Crediti (C2) | B9: 1.2173831e+09 | C9: 1466117125 | D9: 1.1456909e+09 | E9: 1.2473103e+09 | F9: 1.5969423e+09 | G9: 1.864314e+09 | H9: 2.0172447e+09 | I9: 2.0629134e+09 | J9: 2.2281997e+09 | K9: 1.6184652e+09
A10: di cui da tributi destinati al finanziamento della sanità | B10: 1.684996e+08 | C10: 1.2878029e+08 | D10: 1.4033404e+08 | E10: 1.3418541e+08 | F10: 2.2015152e+08 | G10: 3.8505997e+08 | H10: 2.9764011e+08 | I10: 1.7263227e+08 | J10: 95078861 | K10: 1.3153823e+08
A11: di cui da trasferimenti e contributi da amm.ni pubbliche | B11: 7.1547024e+08 | C11: 4.6328424e+08 | D11: 4.8083816e+08 | E11: 4.5892991e+08 | F11: 6.5472974e+08 | G11: 7.5842787e+08 | H11: 8.1950014e+08 | I11: 7.3142596e+08 | J11: 9.7538597e+08 | K11: 1.1360629e+09
A12: Attività finanziarie che non costituiscono utilizzi (C3) | B12: 0 | C12: 0 | D12: 0 | E12: 0 | F12: 0 | G12: 0 | H12: 0 | I12: 0 | J12: 0 | K12: 0
A13: Disponibilità liquide (C4) | B13: 6.6115478e+08 | C13: 5.1128515e+08 | D13: 2.4373484e+08 | E13: 3.4479759e+08 | F13: 1.8207602e+08 | G13: 2.6118231e+08 | H13: 3.5432815e+08 | I13: 5.4407864e+08 | J13: 5.8407962e+08 | K13: 5.2050104e+08
A14: Ratei e risconti attivi (D) | B14: 0 | C14: 0 | D14: 2640238.3 | E14: 2211321.1 | F14: 1536788.2 | G14: 1375964.6 | H14: 1238133.7 | I14: 78115233 | J14: 1.2528737e+08 | K14: 1.3938857e+08
A15: TOTALE ATTIVO | B15: =SUM(B2:B9)+SUM(B12:B14) -> 2.6832521e+09 | C15: =SUM(C2:C9)+SUM(C12:C14) -> 2.8761226e+09 | D15: =SUM(D2:D9)+SUM(D12:D14) -> 1.6271534e+09 | E15: =SUM(E2:E9)+SUM(E12:E14) -> 1.8252607e+09 | F15: =SUM(F2:F9)+SUM(F12:F14) -> 2.0056958e+09 | G15: =SUM(G2:G9)+SUM(G12:G14) -> 2.3481552e+09 | H15: =SUM(H2:H9)+SUM(H12:H14) -> 2.5869015e+09 | I15: =SUM(I2:I9)+SUM(I12:I14) -> 2.9056933e+09 | ... K15: =SUM(K2:K9)+SUM(K12:K14) -> 2.4993716e+09
A16: Fondo di dotazione (A1) | B16: 0 | C16: 0 | D16: 0 | E16: 0 | F16: 0 | G16: 0 | H16: 0 | I16: 0 | J16: 0 | K16: 0
A17: Riserve (A2) | B17: =386385475.02+953586693.39 -> 1.3399722e+09 | C17: 1.3696187e+09 | D17: 6.5773229e+08 | E17: 6.5565666e+08 | F17: 5.8082745e+08 | G17: 6.0400951e+08 | H17: 6.4119474e+08 | I17: 6.0571387e+08 | J17: 6.1265226e+08 | K17: 6.1313765e+08
A18: Risultato economico dell'esercizio (A3) | B18: 29646519 | C18: -33132581 | D18: -35822961 | E18: -77979092 | F18: 22754419 | G18: 38254302 | H18: 5237581.8 | I18: 1.0104979e+08 | J18: 1.7260103e+08 | K18: 51409225
A19: Risultato economico di esercizi precedenti (A4) | I19: 43491884 | J19: 1.4444758e+08 | K19: 3.1767825e+08
A20: Riserve negative per beni indisponibili (A5) | I20: 0 | J20: 0 | K20: 0
A21: Fondo rischi ed oneri (B) | B21: 1.2019817e+08 | C21: 75990686 | D21: 87004390 | E21: 49885789 | F21: 33044128 | G21: 53376877 | H21: 45819707 | I21: 49213509 | J21: 54269084 | K21: 89401045
A22: Debiti da finanziamento (D1) | B22: 3.2877416e+08 | C22: 6.2223261e+08 | D22: 5.2597602e+08 | E22: 6.2250367e+08 | F22: 6.9687052e+08 | G22: 8.3220896e+08 | H22: 1.0006986e+09 | I22: 9.8330572e+08 | J22: 9.8626065e+08 | K22: 2.7654196e+08
A23: Debiti verso fornitori (D2) | B23: 903256.39 | C23: 24452697 | D23: 2406277.1 | E23: 1866342 | F23: 1747503 | G23: 1774863.5 | H23: 3441052.2 | I23: 3254578 | J23: 3162636.8 | K23: 3197381.3
A24: Debiti per trasferimenti e contributi (D4) | B24: 6.6220261e+08 | C24: 7.3620594e+08 | D24: 2.7717406e+08 | E24: 4.5591243e+08 | F24: 5.4477069e+08 | G24: 6.8894648e+08 | H24: 7.5525211e+08 | I24: 8.6348431e+08 | J24: 1.0294824e+09 | K24: 1.0371326e+09
A25: di cui enti finanziati dal ssn | B25: 0 | C25: 0 | D25: 0 | E25: 0 | F25: 0 | G25: 0 | H25: 0 | I25: 0 | J25: 0 | K25: 0
A26: di cui altre amministrazioni pubbliche | B26: 4.0667594e+08 | C26: 1.9775037e+08 | D26: 79397828 | E26: 2.2782278e+08 | F26: 2.8440838e+08 | G26: 4.2567755e+08 | H26: 4.7279129e+08 | I26: 5.2564197e+08 | J26: 7.0972985e+08 | K26: 6.7338804e+08
A27: Altri debiti (D5) | B27: 2.0155521e+08 | C27: 80454552 | D27: 1.0337551e+08 | E27: 1.0843919e+08 | F27: 1.1486376e+08 | G27: 1.1892689e+08 | H27: 1.2476037e+08 | I27: 2.4581641e+08 | J27: 1.5021204e+08 | K27: 1.016107e+08
A28: Ratei e risconti passivi (E) | B28: 0 | C28: 300000 | D28: 9307791.1 | E28: 8975705.3 | F28: 10817312 | G28: 10657341 | H28: 10497370 | I28: 10363195 | J28: 10203224 | K28: 9262857.7
A29: TOTALE PASSIVO | B29: =SUM(B16:B28)-B25-B26 -> 2.6832521e+09 | C29: =SUM(C16:C28)-C25-C26 -> 2.8761226e+09 | D29: =SUM(D16:D28)-D25-D26 -> 1.6271534e+09 | E29: =SUM(E16:E28)-E25-E26 -> 1.8252607e+09 | F29: =SUM(F16:F28)-F25-F26 -> 2.0056958e+09 | G29: =SUM(G16:G28)-G25-G26 -> 2.3481552e+09 | H29: =SUM(H16:H28)-H25-H26 -> 2.5869015e+09 | I29: =SUM(I16:I28)-I25-I26 -> 2.9056933e+09 | ... K29: =SUM(K16:K28)-K25-K26 -> 2.4993716e+09
A30: PATRIMONIO NETTO | B30: =B16+B17+B18 -> 1.3696187e+09 | C30: =C16+C17+C18 -> 1.3364861e+09 | D30: =D16+D17+D18 -> 6.2190933e+08 | E30: =E16+E17+E18 -> 5.7767757e+08 | F30: =F16+F17+F18 -> 6.0358187e+08 | G30: =G16+G17+G18 -> 6.4226381e+08 | H30: =H16+H17+H18 -> 6.4643232e+08 | I30: =SUM(I16:I20) -> 7.5025554e+08 | J30: =SUM(J16:J20) -> 9.2970088e+08 | K30: =SUM(K16:K20) -> 9.8222512e+08
F31: =F30/F29*100 -> 30.093391 | G31: =G30/G29*100 -> 27.351847 | H31: =H30/H29*100 -> 24.988672 | I31: =I30/I29*100 -> 25.820191 | J31: =J30/J29*100 -> 29.390306 | K31: =K30/K29*100 -> 39.298883

Sheet Piano_indicatori
A1: Piano degli indicatori | C1: Soglia | D1: 2016 | E1: 2017 | F1: 2018 | G1: 2019 | H1: 2020 | I1: 2021 | J1: 2022 | K1: 2023
A2: Rigidità strutturale di bilancio
A3: 1.1 | B3: Incidenza spese rigide (ripiano disavanzo,personale e debito) su entrate correnti | C3: 48 | D3: 7.88 | E3: 9.61 | F3: 9.78 | G3: 9.44 | H3: 5.26 | I3: 5.67 | J3: 7.16 | K3: 4.75
A4: Entrate correnti
A5: 2.1 | B5: Incidenza degli accertamenti di parte corrente sulle previsioni iniziali di parte corrente | D5: 101.17 | E5: 97.34 | F5: 93.54 | G5: 98.9 | H5: 106.32 | I5: 100.16 | J5: 108.53 | K5: 96.45
A6: 2.2 | B6: Incidenza degli accertamenti di parte corrente sulle previsioni definitive di parte corrente | D6: 99.37 | E6: 93.89 | F6: 93.54 | G6: 96.34 | H6: 96.17 | I6: 90.82 | J6: 94.01 | K6: 91.29
A7: 2.3 | B7: Incidenza degli accertamenti delle entrate proprie sulle previsioni iniziali di parte corrente | D7: 91.29 | E7: 87.24 | F7: 79.9 | G7: 84.74 | H7: 88.54 | I7: 84.44 | J7: 86.12 | K7: 75.28
A8: 2.4 | B8: Incidenza degli accertamenti delle entrate proprie sulle previsioni definitive di parte corrente | D8: 89.67 | E8: 84.15 | F8: 79.9 | G8: 82.54 | H8: 80.09 | I8: 76.57 | J8: 74.6 | K8: 71.25
A9: 2.5 | B9: Incidenza degli incassi correnti sulle previsioni iniziali di parte corrente | D9: 99.04 | E9: 90.2 | F9: 71.78 | G9: 66.95 | H9: 77.63 | I9: 91.18 | J9: 87.92 | K9: 77.41
A10: 2.6 | B10: Incidenza degli incassi correnti sulle previsioni definitive di parte corrente | D10: 97.27 | E10: 79.48 | F10: 71.78 | G10: 65.54 | H10: 72.19 | I10: 84.09 | J10: 78.1 | K10: 73.94
A11: 2.7 | B11: Incidenza degli incassi delle entrate proprie sulle previsioni iniziali di parte corrente | D11: 89.77 | E11: 82.42 | F11: 63.17 | G11: 58.26 | H11: 67.18 | I11: 76.11 | J11: 71.51 | K11: 59.89
A12: 2.8 | B12: Incidenza degli incassi delle entrate proprie sulle previsioni definitive di parte corrente | C12: 22 | D12: 88.17 | E12: 72.61 | F12: 63.17 | G12: 57.24 | H12: 62.47 | I12: 70.19 | J12: 63.52 | K12: 57.2
A13: Anticipazioni dell'Istituto tesoriere
A14: 3.1 | B14: Utilizzo medio Anticipazioni di tesoreria | D14: 0 | E14: 0 | F14: 0 | G14: 0 | H14: 0 | I14: 0 | J14: 0 | K14: 0
A15: 3.2 | B15: Anticipazione chiuse solo contabilmente | C15: 0 | D15: 0 | E15: 0 | F15: 0 | G15: 0 | H15: 0 | I15: 0 | J15: 0 | K15: 0
A16: Spese di personale
A17: 4.1 | B17: Incidenza della spesa di personale sulla spesa corrente | D17: 4.7 | E17: 4.43 | F17: 4.9 | G17: 5.32 | H17: 3.75 | I17: 4.02 | J17: 3.28 | K17: 2.94
A18: 4.2 | B18: Incidenza del salario accessorio ed incentivante rispetto al totale della spesa di personale | D18: 46.41 | E18: 16.27 | F18: 18.61 | G18: 31.51 | H18: 3.57 | I18: 28.24 | J18: 24.89 | K18: 28.94
A19: 4.3 | B19: Incidenza spesa personale flessibile rispetto al totale della spesa di personale | D19: 27.03 | E19: 28.22 | F19: 20.13 | G19: 20.14 | H19: 18.28 | I19: 27.79 | J19: 26.57 | K19: 25.8
A20: 4.4 | B20: Spesa di personale procapite | D20: 7.54 | E20: 7.04 | F20: 7.59 | G20: 17.86 | H20: 115.49292 | I20: 105.53738 | J20: 102.63913 | K20: 101.83
A21: Esternalizzazione dei servizi
A22: 5.1 | B22: Indicatore di esternalizzazione dei servizi | D22: 3.49 | E22: 3.2 | F22: 5.49 | G22: 6.55 | H22: 3.86 | I22: 5.02 | J22: 6.08 | K22: 5.9
A23: Interessi passivi
A24: 6.1 | B24: Incidenza degli interessi passivi sulla spesa corrente | D24: 0.47 | E24: 0.4 | F24: 0.46 | G24: 0.35 | H24: 0.35 | I24: 0.35 | J24: 0.33 | K24: 0.36
A25: 6.2 | B25: Incidenza degli interessi passivi sulle anticipazioni sul totale della spesa per interessi passivi | D25: 0 | E25: 0 | F25: 0 | G25: 0 | H25: 0 | I25: 0 | J25: 0 | K25: 0
A26: 6.3 | B26: Incidenza interessi di mora sul totale della spesa per interessi passivi | D26: 0 | E26: 0 | F26: 0 | G26: 0 | H26: 0 | I26: 0 | J26: 0 | K26: 0
A27: Investimenti
A28: 7.1 | B28: Incidenza investimenti sul totale della spesa corrente e in conto capitale | D28: 17.6 | E28: 18.68 | F28: 22.23 | G28: 15.82 | H28: 21.27 | I28: 17.5 | J28: 18.31 | K28: 16.7
A29: 7.2 | B29: Investimenti diretti procapite | D29: 36.350502 | E29: 85.34 | F29: 33.33 | G29: 36.26 | H29: 49.08 | I29: 22.13 | J29: 14.97 | K29: 23.58
A30: 7.3 | B30: Contributi agli investimenti procapite | D30: 500.78259 | E30: 530.54 | F30: 725.13 | G30: 488.29 | H30: 757.24 | I30: 596.98 | J30: 698.45 | K30: 691.87
A31: 7.4 | B31: Investimenti complessivi procapite | D31: 537.13309 | E31: 615.88 | F31: 758.46 | G31: 524.55 | H31: 806.32 | I31: 619.12 | J31: 713.42 | K31: 715.45
A32: 7.5 | B32: Quota investimenti complessivi finanziati dal risparmio corrente | D32: 684.23 | E32: 18.19 | F32: 18.83 | G32: 25.36 | H32: 23.69 | I32: 22.17 | J32: 31.12 | K32: 23.31
A33: 7.6 | B33: Quota investimenti complessivi finanziati dal saldo positivo delle partite finanziarie | D33: 18.63 | E33: -0.13 | F33: 0 | G33: 0 | H33: 0 | I33: 0 | J33: 0 | K33: 0
A34: 7.7 | B34: Quota investimenti complessivi finanziati da debito | D34: 0 | E34: 6.65 | F34: 2.72 | G34: 0 | H34: 0 | I34: 0 | J34: 0 | K34: 0
A35: Analisi dei residui
A36: 8.1 | B36: Incidenza nuovi residui passivi di parte corrente su stock residui passivi correnti | D36: 77.356 | E36: 79.55 | F36: 62.88 | G36: 69.45 | H36: 69.18 | I36: 69.82 | J36: 72.62 | K36: 58
A37: 8.2 | B37: Incidenza nuovi residui passivi in c/capitale su stock residui passivi in conto capitale al 31/12 | D37: 50.48 | E37: 50.86 | F37: 54.56 | G37: 33.02 | H37: 49.55 | I37: 32.03 | J37: 36.45 | K37: 24.74
A38: 8.3 | B38: Incidenza nuovi residui passivi per incremento attività finanziarie su stock residui passivi per incremento attività finanziarie al 31/12 | D38: 0 | E38: 0 | F38: 0 | G38: 0 | H38: 0 | I38: 0 | J38: 0 | K38: 0
A39: 8.4 | B39: Incidenza nuovi residui attivi di parte corrente su stock residui attivi di parte corrente | D39: 35.86 | E39: 59.39 | F39: 57.81 | G39: 52.49 | H39: 53.76 | I39: 53.61 | J39: 39.24 | K39: 52.6
A40: 8.5 | B40: Incidenza nuovi residui attivi in c/capitale su stock residui attivi in c/capitale | D40: 23.46 | E40: 51.1 | F40: 62.26 | G40: 37.38 | H40: 27.3 | I40: 26.34 | J40: 30.16 | K40: 22.94
A41: 8.6 | B41: Incidenza nuovi residui attivi per riduzione di attività finanziarie su stock residui attivi per riduzione di attività finanziarie | D41: 21.33 | E41: 52.93 | F41: 100 | G41: 100 | H41: 82.81 | I41: 56.62 | J41: 29.69 | K41: 50.2
A42: Smaltimento debiti non finanziari
A43: 9.1 | B43: Smaltimento debiti commerciali nati nell'esercizio | D43: 90.71 | E43: 88.3 | F43: 92.49 | G43: 89.04 | H43: 71.19 | I43: 79.42 | J43: 77.36 | K43: 84.28
A44: 9.2 | B44: Smaltimento debiti commerciali nati negli esercizi precedenti | D44: 90.86 | E44: 56.71 | F44: 77.26 | G44: 61.35 | H44: 71.58 | I44: 52.71 | J44: 67.71 | K44: 71.49
A45: 9.3 | B45: Smaltimento debiti verso altre amministrazioni pubbliche nati nell'esercizio | D45: 90.34 | E45: 86.61 | F45: 88.31 | G45: 88.89 | H45: 86.99 | I45: 90.93 | J45: 83.78 | K45: 91.55
A46: 9.4 | B46: Smaltimento debiti verso altre amministrazioni pubbliche nati negli esercizi precedenti | D46: 67.48 | E46: 39.79 | F46: 49.67 | G46: 31.82 | H46: 38.95 | I46: 26.34 | J46: 23.62 | K46: 29.04
A47: 9.5 | B47: Indicatore annuale di tempestività dei pagamenti | D47: 108.66 | E47: 134.87 | F47: 122.77 | G47: 88.37 | H47: 75 | I47: 39.57 | J47: 11.1 | K47: 13.66
A48: Debiti finanziari
A49: 10.1 | B49: Incidenza estinzioni anticipate debiti finanziari | D49: 0 | E49: 0 | F49: 0 | G49: 0 | H49: 0 | I49: 0 | J49: 0 | K49: 0
A50: 10.2 | B50: Incidenza estinzioni ordinarie debiti finanziari | D50: 7.02 | E50: 8.91 | F50: 8.12 | G50: 6.69 | H50: 1.8 | I50: 1.74 | J50: 2.13 | K50: 1.94
A51: 10.3 | B51: Sostenibilità debiti finanziari | C51: 16 | D51: 3.27 | E51: 3.4 | F51: 3.68 | G51: 3.2 | H51: 1.21 | I51: 1.37 | J51: 1.41 | K51: 1.29
A52: 10.4 | B52: Indebitamento procapite | D52: 922.94791 | E52: 1099.0434 | F52: 1221.8 | G52: 1504.21 | H52: 1835.71 | I52: 1817.01 | J52: 1822.47 | K52: 515.94
A53: Composizione dell'avanzo di amministrazione | D53: 0 | E53: 0 | F53: 0 | G53: 0 | H53: 0 | I53: 0 | J53: 0 | K53: 0
A54: 11.1 | B54: Incidenza quota libera di parte corrente nell'avanzo | D54: 0 | E54: -8.3621011 | F54: -7.3969445 | G54: -10.833704 | H54: -9.4117822 | I54: -10.313128 | J54: -1.5286186 | K54: -0.068979624
A55: 11.2 | B55: Incidenza quota libera in c/capitale nell'avanzo | D55: 0 | E55: 0 | F55: 0 | G55: 0 | H55: 0 | I55: 0 | J55: 0 | K55: 0
A56: 11.3 | B56: Incidenza quota accantonata nell'avanzo | D56: 0 | E56: 15.548801 | F56: 15.039567 | G56: 14.965419 | H56: 13.255407 | I56: 15.189478 | J56: 14.16317 | K56: 21.257728
A57: 11.4 | B57: Incidenza quota vincolata nell'avanzo | D57: 0 | E57: 92.8133 | F57: 92.357378 | G57: 95.868285 | H57: 96.156375 | I57: 95.12365 | J57: 87.365448 | K57: 78.811252
A58: Disavanzo di amministrazione
A59: 12.1 | B59: Quota disavanzo ripianato nell'esercizio | D59: 0 | E59: 0 | F59: 5.710132 | G59: -65.529085 | H59: -34.021515 | I59: -2.2026484 | J59: 81.984878 | K59: 95.689796
A60: 12.2 | B60: Incremento del disavanzo rispetto all'esercizio precedente | F60: -5.710132 | G60: 65.529085 | H60: 34.021515 | I60: 2.2026484 | J60: -81.984878 | K60: -95.689796
A61: 12.3 | B61: Sostenibilità patrimoniale del disavanzo | D61: 0 | E61: 7.6664493 | F61: 6.918447 | G61: 10.762314 | H61: 8.657575 | I61: 7.6238134 | J61: 1.1083462 | K61: 0.045217394
A62: 12.4 | B62: Sostenibilità disavanzo effettivamente a carico dell'esercizio | C62: 1.2 | D62: 0 | E62: 0 | F62: 1.5 | G62: 1.36 | H62: 0.24 | I62: 0.18 | J62: 2.47 | K62: 0.42
A63: 12.5 | B63: Quota disavanzo derivante da debito autorizzato e non contratto | D63: 0 | E63: 0 | F63: 0 | G63: 0 | H63: 0 | I63: 0 | J63: 0 | K63: 0
A64: Debiti fuori bilancio
A65: 13.1 | B65: Debiti riconosciuti e finanziati | C65: 1 | D65: 0 | E65: 0 | F65: 0 | G65: 0 | H65: 0 | I65: 0 | J65: 0 | K65: 0
A66: 13.2 | B66: Debiti in corso di riconoscimento | D66: 0 | E66: 0 | F66: 0 | G66: 0 | H66: 0 | I66: 0 | J66: 0 | K66: 0
A67: 13.3 | B67: Debiti riconosciuti e in corso di finanziamento | C67: 0.6 | D67: 0 | E67: 0 | F67: 0 | G67: 0 | H67: 0 | I67: 0 | J67: 0 | K67: 0
A68: Fondo pluriennale vincolato
A69: 14.1 | B69: Utilizzo del FPV | D69: 45.33 | E69: 30.34 | F69: 24.48 | G69: 27.44 | H69: 24.53 | I69: 23.85 | J69: 19.39 | K69: 25.65
A70: Partite di giro e conto terzi
A71: 15.1 | B71: Incidenza partite di giro e conto terzi in entrata | D71: 1.39 | E71: 0.59 | F71: 0.03 | G71: 0.04 | H71: 0.08 | I71: 0.02 | J71: 0.06 | K71: 0.06
A72: 15.2 | B72: Incidenza partite di giro e conto terzi in uscita | D72: 5 | E72: 2.47 | F72: 2.86 | G72: 2.91 | H72: 2.22 | I72: 2.14 | J72: 2.2 | K72: 1.98
A73: Entrate natura tributaria, contributiva e perequativa (Titolo 1)
B74: Complessiva | D74: 88.893489 | E74: 87.955888 | F74: 82.525047 | G74: 72.025098 | H74: 76.824035 | I74: 84.757103 | J74: 89.139593 | K74: 88.974454
B75: Crediti esigibili nell'esercizio | D75: 94.863022 | E75: 89.193019 | F75: 87.296927 | G75: 80.190797 | H75: 80.140396 | I75: 88.505245 | J75: 95.454694 | K75: 91.769068
B76: Crediti esigibili negli esercizi precedenti | D76: 33.046501 | E76: 77.859274 | F76: 48.368335 | G76: 28.084996 | H76: 66.342586 | I76: 72.784761 | J76: 55.366152 | K76: 66.465501
A77: Totale Entrate | C77: 47 | D77: 63.56586 | E77: 69.589611 | F77: 59.277558 | G77: 56.088802 | H77: 59.254645 | I77: 64.186635 | J77: 60.456338 | K77: 58.78906
A78: Totale Entrate nette | D78: 61.996629 | E78: 68.687863 | F78: 57.995559 | G78: 53.869801 | H78: 57.488511 | I78: 63.182846 | J78: 59.419954 | K78: 57.332135
A79: Incidenza spesa (al netto servizi per conto terzi)
A80: 4 | B80: Istruzione e diritto allo studio | D80: 1.6747765 | E80: 1.8329718 | F80: 1.2530791 | G80: 1.2065372 | H80: 1.7593397 | I80: 0.92229407 | J80: 1.0087212 | K80: 0.8892653
A81: 9 | B81: Sviluppo sostenibile, tutela territ. e ambiente | D81: 8.0457169 | E81: 8.2537961 | F81: 7.5506051 | G81: 8.4896347 | H81: 8.5143354 | I81: 7.5161666 | J81: 8.0067248 | K81: 8.0669066
A82: 10 | B82: Trasporti e diritto alla mobilità | D82: 7.3441213 | E82: 7.7982646 | F82: 12.016708 | G82: 8.6322255 | H82: 9.8609904 | I82: 10.10283 | J82: 12.588 | K82: 8.8185475
A83: 12 | B83: Diritti sociali, politiche sociali e famiglia | D83: 1.8105692 | E83: 2.8741866 | F83: 2.6346792 | G83: 3.0602172 | H83: 3.8227628 | I83: 2.6608714 | J83: 2.6689083 | K83: 2.3396147
A84: 13 | B84: Tutela della salute | D84: 53.864434 | E84: 51.117137 | F84: 47.691978 | G84: 44.301854 | H84: 44.048653 | I84: 47.84268 | J84: 50.131344 | K84: 43.637519
A85: Capacità di pagamento
A86: 4 | B86: Istruzione e diritto allo studio | D86: 97.344699 | E86: 87.756859 | F86: 77.175854 | G86: 81.508411 | H86: 81.204807 | I86: 90.077305 | J86: 73.480226 | K86: 82.443748
A87: 9 | B87: Sviluppo sostenibile, tutela territ. e ambiente | D87: 87.075251 | E87: 76.448759 | F87: 69.777357 | G87: 68.548547 | H87: 52.964056 | I87: 53.651269 | J87: 61.706246 | K87: 67.928834
A88: 10 | B88: Trasporti e diritto alla mobilità | D88: 92.30854 | E88: 91.040478 | F88: 93.476459 | G88: 87.935482 | H88: 90.007805 | I88: 83.868337 | J88: 84.819628 | K88: 87.408517
A89: 12 | B89: Diritti sociali, politiche sociali e famiglia | D89: 89.456593 | E89: 70.876253 | F89: 67.84269 | G89: 66.368681 | H89: 57.090018 | I89: 62.602092 | J89: 72.036656 | K89: 71.12226
A90: 13 | B90: Tutela della salute | D90: 86.375144 | E90: 81.528574 | F90: 84.357484 | G90: 82.459544 | H90: 85.250184 | I90: 85.683478 | J90: 77.281088 | K90: 79.409879
B91: Media Regioni
B92: Spesa di personale procapite | D92: 87.416718 | E92: 86.603572 | F92: 89.651891 | G92: 92.438478 | H92: 89.229131 | I92: 89.641111 | J92: 93.265299 | K92: 98.079318
B93: Investimenti complessivi procapite | D93: 240.60704 | E93: 229.99228 | F93: 245.46182 | G93: 256.8993 | H93: 271.74342 | I93: 242.54698 | J93: 342.08316 | K93: 390.98186
B94: Indicatore annuale di tempestività dei pagamenti | D94: 25.9735 | E94: 7.3942857 | F94: 8.6366667 | G94: 4.3038095 | H94: 1.8009524 | I94: -6.2214286 | J94: -3.8928571 | K94: -2.8428571
B95: Indebitamento procapite | D95: 1487.8265 | E95: 1454.4141 | F95: 1477.1917 | G95: 1407.1835 | H95: 1321.1295 | I95: 1105.0982 | J95: 1056.3366 | K95: 1020.6315
B97: Spesa per il personale (pro capite)
B118: Investimenti (pro capite)
B139: Indicatore annuale di tempestività dei pagamenti
B160: Indebitamento procapite
B181: Capacità di riscossione
...

Sheet Tav_indicatori
A1: Parametro | B1: Indicatore | C1: Descrizione | D1: Soglia | E1: 2016 | F1: 2017 | G1: 2018 | H1: 2019 | I1: 2020 | J1: 2021 | K1: 2022 | L1: 2023
A2: P.1 | B2: 1.1 | C2: Incidenza spese rigide (ripiano disavanzo, personale e debito) su entrate correnti | D2: > 48 | E2: =Piano_indicatori!D3 -> 7.88 | F2: =Piano_indicatori!E3 -> 9.61 | G2: =Piano_indicatori!F3 -> 9.78 | H2: =Piano_indicatori!G3 -> 9.44 | I2: =Piano_indicatori!H3 -> 5.26 | J2: =Piano_indicatori!I3 -> 5.67 | K2: =Piano_indicatori!J3 -> 7.16 | L2: =Piano_indicatori!K3 -> 4.75
A3: P.2 | B3: 2.8 | C3: Incidenza degli incassi delle entrate proprie sulle previsioni definitive di parte corrente | D3: <22 | E3: =Piano_indicatori!D12 -> 88.17 | F3: =Piano_indicatori!E12 -> 72.61 | G3: =Piano_indicatori!F12 -> 63.17 | H3: =Piano_indicatori!G12 -> 57.24 | I3: =Piano_indicatori!H12 -> 62.47 | J3: =Piano_indicatori!I12 -> 70.19 | K3: =Piano_indicatori!J12 -> 63.52 | L3: =Piano_indicatori!K12 -> 57.2
A4: P.3 | B4: 3.2 | C4: Anticipazione di tesoreria chiuse solo contabilmente | D4: >0 | E4: =Piano_indicatori!D15 -> 0 | F4: =Piano_indicatori!E15 -> 0 | G4: =Piano_indicatori!F15 -> 0 | H4: =Piano_indicatori!G15 -> 0 | I4: =Piano_indicatori!H15 -> 0 | J4: =Piano_indicatori!I15 -> 0 | K4: =Piano_indicatori!J15 -> 0 | L4: =Piano_indicatori!K15 -> 0
A5: P.4 | B5: 10.3 | C5: Sostenibilità dei debiti finanziari | D5: >16 | E5: =Piano_indicatori!D51 -> 3.27 | F5: =Piano_indicatori!E51 -> 3.4 | G5: =Piano_indicatori!F51 -> 3.68 | H5: =Piano_indicatori!G51 -> 3.2 | I5: =Piano_indicatori!H51 -> 1.21 | J5: =Piano_indicatori!I51 -> 1.37 | K5: =Piano_indicatori!J51 -> 1.41 | L5: =Piano_indicatori!K51 -> 1.29
A6: P.5 | B6: 12.4 | C6: Sostenibilità disavanzo effettivamente a carico dell'esercizio | D6: >1,2 | E6: =Piano_indicatori!D62 -> 0 | F6: =Piano_indicatori!E62 -> 0 | G6: =Piano_indicatori!F62 -> 1.5 | H6: =Piano_indicatori!G62 -> 1.36 | I6: =Piano_indicatori!H62 -> 0.24 | J6: =Piano_indicatori!I62 -> 0.18 | K6: =Piano_indicatori!J62 -> 2.47 | L6: =Piano_indicatori!K62 -> 0.42
A7: P.6 | B7: 13.1 | C7: Debiti riconosciuti e finanziati | D7: >1 | E7: =Piano_indicatori!D65 -> 0 | F7: =Piano_indicatori!E65 -> 0 | G7: =Piano_indicatori!F65 -> 0 | H7: =Piano_indicatori!G65 -> 0 | I7: =Piano_indicatori!H65 -> 0 | J7: =Piano_indicatori!I65 -> 0 | K7: =Piano_indicatori!J65 -> 0 | L7: =Piano_indicatori!K65 -> 0
A8: P.7 | B8: 13.2/3 | C8: Debiti in corso di riconoscimento o di finanziamento | D8: >0,6 | E8: =Piano_indicatori!D66+Piano_indicatori!D67 -> 0 | F8: =Piano_indicatori!E66+Piano_indicatori!E67 -> 0 | G8: =Piano_indicatori!F66+Piano_indicatori!F67 -> 0 | H8: =Piano_indicatori!G66+Piano_indicatori!G67 -> 0 | I8: =Piano_indicatori!H66+Piano_indicatori!H67 -> 0 | J8: =Piano_indicatori!I66+Piano_indicatori!I67 -> 0 | K8: =Piano_indicatori!J66+Piano_indicatori!J67 -> 0 | L8: =Piano_indicatori!K66+Piano_indicatori!K67 -> 0
A9: P.8 | C9: Effettiva capacità di riscossione (totale Entrate) | D9: <47 | E9: =Piano_indicatori!D77 -> 63.56586 | F9: =Piano_indicatori!E77 -> 69.589611 | G9: =Piano_indicatori!F77 -> 59.277558 | H9: =Piano_indicatori!G77 -> 56.088802 | I9: =Piano_indicatori!H77 -> 59.254645 | J9: =Piano_indicatori!I77 -> 64.186635 | K9: =Piano_indicatori!J77 -> 60.456338 | L9: =Piano_indicatori!K77 -> 58.78906

Sheet Popolazione
A1: Anno | B1: Regione | C1: Var. % | D1: Saldo naturale | E1: Saldo migratorio | F1: Saldo censuario | G1: Verifica
A2: 2025 | B2: 529897 | C2: =B2/B3*100-100 -> -0.62561769
A3: 2024 | B3: 533233 | C3: =B3/B4*100-100 -> -0.80807029 | D3: -3142 | E3: =-2678+2484 -> -194 | F3: 0 | G3: =B2-B3-D3-E3-F3 -> 0
A4: 2023 | B4: 537577 | C4: =B4/B5*100-100 -> -0.66356473 | D4: -3536 | E4: =-3282+2928 -> -354 | F4: -454 | G4: =B3-B4-D4-E4-F4 -> 0
A5: 2022 | B5: 541168 | C5: =B5/B6*100-100 -> -0.72679911 | D5: -3905 | E5: =-2848+3153 -> 305 | F5: 9 | G5: =B4-B5-D5-E5-F5 -> 0
A6: 2021 | B6: 545130 | C6: =B6/B7*100-100 -> -1.4684033 | D6: -3508 | E6: -1550 | F6: 1096 | G6: =B5-B6-D6-E6-F6 -> 0
A7: 2020 | B7: 553254 | C7: =B7/B8*100-100 -> -0.95473042 | D7: -3188 | E7: -2278 | F7: -2658 | G7: =B6-B7-D7-E7-F7 -> 0
A8: 2019 | B8: 558587 | C8: =B8/B9*100-100 -> -0.77819698 | D8: =3672-6508 -> -2836 | E8: -2636 | F8: 139 | G8: =B7-B8-D8-E8-F8 -> 0
A9: 2018 | B9: 562968 | C9: =B9/B10*100-100 -> -0.60680962 | D9: =3717-6251 -> -2534 | E9: =B8-B9-D9 -> -1847 | G9: =B8-B9-D9-E9-F9 -> 0
A10: 2017 | B10: 566405 | C10: =B10/B11*100-100 -> -0.61099832 | D10: =4007-6495 -> -2488 | E10: =B9-B10-D10 -> -949 | G10: =B9-B10-D10-E10-F10 -> 0
A11: 2016 | B11: 569887 | C11: =B11/B12*100-100 -> -0.58422709 | D11: =4017-6203 -> -2186 | E11: =B10-B11-D11 -> -1296 | G11: =B10-B11-D11-E11-F11 -> 0
A12: 2015 | B12: 573236 | D12: =4122-6414 -> -2292 | E12: =B11-B12-D12 -> -1057 | G12: =B11-B12-D12-E12-F12 -> 0
A13: Popolazione al 1° gennaio
